 Dungeon Crawl Stone Soup version 0.29-a0-330-g52719c12eb (webtiles) character file.

Game seed: 15740237085534799584

20415926 Athor the Ninja (level 27, 244/244 HPs)
             Began as a Vine Stalker Fighter on May 4, 2022.
             Was a Follower of Uskayaw.
             Escaped with the Orb
             ... and 15 runes on May 13, 2022!
             The game lasted 06:48:32 (74255 turns).

Athor the Ninja (Vine Stalker Fighter)             Turns: 74255, Time: 06:48:32

Health: 244/244    AC: 36    Str: 23    XL:     27
Magic:  36/36      EV: 21    Int: 16    God:    Uskayaw [*.....]
Gold:   4942       SH: 36    Dex: 30    Spells: 23/48 levels left

rFire   + + +      SeeInvis +   T - +9 quick blade (holy)
rCold   + + .      Faith    .   W - +8 tower shield {reflect}
rNeg    + + .      Spirit   +   B - +9 plate armour of Resonance {Rampage rN+}
rPois   +          Reflect  +   (helmet restricted)
rElec   +          Harm     .   O - +2 cloak {rCorr}
rCorr   +          Rampage  +   L - +0 pair of gloves "Peunnyn" {-Cast rElec rPois rF+++}
Will    +++..      NoCast   +   y - +0 pair of boots of Qeloikk {rC+ Dex+2}
Stlth   ..........              h - amulet "Voteyry" {Acrobat rPois Dex+4 Slay+3}
HPRegen 1.30/turn               p - ring "Kewn" {rC+ rN+ Int+6 SInv Stlth-}
MPRegen 0.25/turn               P - +7 ring of slaying

@: berserking, studying Polearms, very quick
A: fangs 3, regeneration 1, magic shield, antimagic bite, no potion heal 2,
antennae 1, claws 1, clever 1, low MP 1, mutation resistance 1
0: Orb of Zot
}: 15/15 runes: serpentine, barnacled, slimy, silver, golden, iron, obsidian,
icy, bone, abyssal, demonic, glowing, magical, fiery, dark
a: Renounce Religion, Stomp


You escaped.
You worshipped Uskayaw.
Uskayaw was greatly pleased with you.
You visited 18 branches of the dungeon, and saw 89 of its levels.
You visited Pandemonium 1 time, and saw 12 of its levels.
You visited the Abyss 4 times.
You also visited: Trove, Sewer, Ossuary, Gauntlet and Wizlab.

You collected 14544 gold pieces.
You spent 9602 gold pieces at shops.

Inventory:

Hand Weapons
 l - a +9 spectral quick blade
 x - the +8 Vampire's Tooth {vamp}
   (You found it on level 3 of the Crypt)

   It occasionally heals its wielder for the full amount of damage dealt when it
   wounds a living foe.
 T - a +9 quick blade of holy wrath (weapon)
Missiles
 k - 22 atropa-tipped darts
 o - 13 silver javelins (quivered)
 u - 5 throwing nets
 A - 11 boomerangs
 E - 3 silver boomerangs
 I - 21 curare-tipped darts
 K - 5 boomerangs of dispersal
 N - 14 javelins
Armour
 a - the +0 pair of fencer's gloves {Riposte Dex+3}
   (You acquired it on level 3 of the Vaults)

   It allows the wearer to riposte with melee weapons, swiftly retaliating
   against missed attacks.
   Dex:       It affects your dexterity (+3).
 f - the +9 storm dragon scales of the Stone Wall {rElec rF+ rC+ Dex+4}
   (You found it in a treasure trove)

   Dex:       It affects your dexterity (+4).
   rF:        It protects you from fire.
   rC:        It protects you from cold.
   rElec:     It insulates you from electricity.
 q - a scarf of resistance
 y - the +0 pair of boots of Qeloikk (worn) {rC+ Dex+2}
   (You bought it in a shop on level 2 of the Vaults)

   Dex:       It affects your dexterity (+2).
   rC:        It protects you from cold.
 B - the +9 plate armour of Resonance (worn) {Rampage rN+}
   (You bought it in a shop on level 2 of the Orcish Mines)

   rN:        It protects you from negative energy.
   Rampage:   It bestows one free step when moving towards enemies.
 L - the +0 pair of gloves "Peunnyn" (worn) {-Cast rElec rPois rF+++}
   (You found it in Pandemonium)

   rF:        It renders you almost immune to fire.
   rElec:     It insulates you from electricity.
   rPois:     It protects you from poison.
   -Cast:     It prevents spellcasting.
 O - a +2 cloak of preservation (worn)
 U - the +4 helmet of the Will of the Gods {Int+6}
   (You acquired it on level 5 of the Vaults)

   Int:       It affects your intelligence (+6).
 W - a +8 tower shield of reflection (worn)
Jewellery
 c - the ring of Qilemien {rF- rCorr Int+6 Dex+10}
   (You found it on level 7 of Gehenna)

   [ring of intelligence]

   Int:       It affects your intelligence (+6).
   Dex:       It affects your dexterity (+10).
   rF:        It makes you vulnerable to fire.
   rCorr:     It protects you from acid and corrosion.
 h - the amulet "Voteyry" (around neck) {Acrobat rPois Dex+4 Slay+3}
   (You found it on level 4 of the Shoals)

   [amulet of the acrobat]

   It increases your evasion while moving and waiting.
   Dex:       It affects your dexterity (+4).
   Slay:      It affects your accuracy & damage with ranged weapons and melee
   (+3).
   rPois:     It protects you from poison.
 n - the amulet "Zaqumaumen" {Reflect Drain rN+++ rCorr SH+5 Stlth+}
   (You found it on level 3 of the Crypt)

   [amulet of reflection]

   It reflects blocked missile attacks.
   rN:        It renders you almost immune to negative energy.
   rCorr:     It protects you from acid and corrosion.
   Drain:     It drains your maximum health when unequipped.
   SH:        It affects your SH (+5).
   Stlth:     It makes you more stealthy.
 p - the ring "Kewn" (left hand) {rC+ rN+ Int+6 SInv Stlth-}
   (You found it on level 7 of Gehenna)

   [ring of intelligence]

   Int:       It affects your intelligence (+6).
   rC:        It protects you from cold.
   rN:        It protects you from negative energy.
   SInv:      It lets you see invisible.
   Stlth:     It makes you less stealthy.
 P - a +7 ring of slaying (right hand)
 X - the ring "Rikkos" {rCorr EV+4 Str+8 Int-2}
   (You found it on level 5 of the Vaults)

   [ring of evasion]

   EV:        It affects your evasion (+4).
   Str:       It affects your strength (+8).
   Int:       It affects your intelligence (-2).
   rCorr:     It protects you from acid and corrosion.
 Z - the ring of Honesty {rPois rN+ Dex+4}
   (You took it off a deep elf zephyrmancer on level 3 of the Elven Halls)

   [ring of poison resistance]

   Dex:       It affects your dexterity (+4).
   rPois:     It protects you from poison.
   rN:        It protects you from negative energy.
Wands
 b - a wand of digging (14)
 D - a wand of paralysis (36)
 F - a wand of iceblast (29)
 V - a wand of acid (26)
Scrolls
 m - 9 scrolls of fear
 s - 12 scrolls of blinking
 v - 23 scrolls of teleportation
 w - 7 scrolls of immolation
 C - 6 scrolls of magic mapping
 G - 5 scrolls of summoning
 H - 14 scrolls of fog
 M - 10 scrolls of silence
 Q - 6 scrolls of holy word
Potions
 d - 6 potions of might
 e - 12 potions of flight
 g - 6 potions of cancellation
 i - 7 potions of berserk rage
 j - 3 potions of mutation
 t - 40 potions of curing
 z - 7 potions of invisibility
 J - 6 potions of haste
 R - 6 potions of resistance
 S - 6 potions of attraction
Miscellaneous
 r - a figurine of a ziggurat
 Y - a condenser vane


   Skills:
 + Level 22.5 Fighting
 - Level 10.0 Short Blades
 - Level 16.0 Throwing
 * Level 20.3 Armour
 * Level 16.8 Dodging
 O Level 27 Stealth
 - Level 25.0 Shields
 + Level 11.0 Spellcasting
 + Level 3.0 Conjurations
 - Level 5.0 Hexes
 + Level 3.0 Summonings
 + Level 9.3 Translocations
 * Level 23.9 Invocations
 + Level 8.1 Evocations


You had 23 spell levels left.
You knew the following spells:

 Your Spells              Type           Power      Damage    Failure   Level
a - Ensorcelled Hibernat  Hex/Ice        32%        N/A       32%         2
b - Apportation           Tloc           76%        N/A       1%          1
c - Lesser Beckoning      Tloc           38%        N/A       4%          3
d - Teleport Other        Tloc           38%        N/A       4%          3
e - Dazzling Flash        Conj/Hex       42%        N/A       34%         3
f - Confusing Touch       Hex            24%        N/A       22%         3
g - Summon Guardian Gole  Hex/Summ       21%        N/A       34%         3
h - Passage of Golubria   Tloc           38%        N/A       13%         4
i - Gell's Gravitas       Tloc           38%        N/A       4%          3

Your spell library contained the following spells:

 Spells                   Type           Power      Damage    Failure   Level
 Portal Projectile        Hex/Tloc       62%        N/A       10%         3
 Magic Dart               Conj           72%        1d6       17%         1
 Call Imp                 Summ           18%        N/A       26%         2
 Foxfire                  Conj/Fire      52%        2x1d6     32%         1
 Static Discharge         Conj/Air       13%        N/A       43%         2
 Iskenderun's Mystic Bla  Conj/Tloc      28%        2d7       43%         4
 Animate Skeleton         Necr           16%        N/A       52%         1
 Beastly Appendage        Tmut           16%        N/A       52%         1
 Freeze                   Ice            32%        1d5       52%         1
 Pain                     Necr           32%        1d5       52%         1
 Sandblast                Erth           16%        2d6       52%         1
 Sting                    Tmut/Pois      32%        1d4       52%         1
 Inner Flame              Hex/Fire       16%        N/A       54%         3
 Cause Fear               Hex            12%        N/A       58%         4
 Corpse Rot               Necr/Air       16%        N/A       65%         2
 Passwall                 Tmut/Erth      6%         N/A       65%         2
 Poisonous Vapours        Pois/Air       16%        N/A       65%         2
 Sublimation of Blood     Necr           8%         N/A       65%         2
 Wereblood                Tmut           8%         N/A       65%         2
 Conjure Flame            Conj/Fire      13%        6-21      67%         3
 Stone Arrow              Conj/Erth      26%        3d8       67%         3
 Mephitic Cloud           Conj/Pois/Air  12%        N/A       75%         3
 Fulminant Prism          Conj/Hex       10%        3d9       75%         4
 Summon Forest            Summ/Tloc      14%        N/A       78%         5
 Frozen Ramparts          Ice            16%        1d3       87%         3
 Ignite Poison            Fire/Tmut/Pois 8%         N/A       87%         3
 Ozocubu's Armour         Ice            8%         N/A       87%         3
 Spider Form              Tmut/Pois      8%         N/A       87%         3
 Swiftness                Air            8%         N/A       87%         3
 Vampiric Draining        Necr           8%         2d6       87%         3
 Dispersal                Tloc           19%        N/A       90%         6
 Anguish                  Hex/Necr       8%         N/A       91%         4
 Leda's Liquefaction      Hex/Erth       8%         N/A       91%         4
 Animate Armour           Summ/Erth      26%        N/A       97%         4
 Flame Wave               Conj/Fire      13%        2d6       97%         4
 Hailstorm                Conj/Ice       13%        3d5       97%         4
 Sticky Flame             Conj/Fire      13%        2d4       97%         4
 Summon Ice Beast         Ice/Summ       13%        N/A       97%         4
 Summon Lightning Spire   Summ/Air       13%        N/A       97%         4
 Summon Mana Viper        Hex/Summ       21%        N/A       97%         5
 Airstrike                Air            4%         N/A       99%         4
 Dispel Undead            Necr           8%         3d8       99%         4
 Ice Form                 Ice/Tmut       8%         N/A       99%         4
 Olgreb's Toxic Radiance  Pois           8%         N/A       99%         4
 Petrify                  Tmut/Erth      8%         N/A       99%         4
 Iskenderun's Battlesphe  Conj           18%        2d7       99%         5
 Metabolic Englaciation   Hex/Ice        8%         N/A       99%         5
 Silence                  Hex/Air        8%         N/A       99%         5
 Yara's Violent Unravell  Hex/Tmut       8%         3d5       99%         5
 Agony                    Necr           8%         N/A       100%        5
 Alistair's Intoxication  Tmut/Pois      5%         N/A       100%        5
 Blade Hands              Tmut           4%         N/A       100%        5
 Excruciating Wounds      Necr           4%         N/A       100%        5
 Fireball                 Conj/Fire      6%         3d5       100%        5
 Freezing Cloud           Conj/Ice/Air   6%         6-21      100%        5
 Irradiate                Conj/Tmut      6%         3d15      100%        5
 Lee's Rapid Deconstruct  Erth           4%         3d6*      100%        5
 Lightning Bolt           Conj/Air       6%         1d18      100%        5
 Conjure Ball Lightning   Conj/Air       6%         3x3d6     100%        6
 Eringya's Noxious Bog    Tmut/Pois      4%         N/A       100%        6
 Simulacrum               Ice/Necr       4%         N/A       100%        6
 Starburst                Conj/Fire      6%         6d4       100%        6
 Statue Form              Tmut/Erth      5%         N/A       100%        6
 Summon Cactus Giant      Summ           9%         N/A       100%        6
 Dragon Form              Tmut           4%         N/A       100%        7
 Enfeeble                 Hex            12%        N/A       100%        7
 Orb of Destruction       Conj           9%         9d6       100%        7
 Ozocubu's Refrigeration  Ice            4%         4d5       100%        7
 Spellforged Servitor     Conj/Summ      9%         N/A       100%        7
 Summon Hydra             Summ           9%         N/A       100%        7
 Discord                  Hex            12%        N/A       100%        8
 Disjunction              Tloc           19%        N/A       100%        8
 Lehudib's Crystal Spear  Conj/Erth      6%         10d3      100%        8
 Maxwell's Capacitive Co  Air            4%         ∞         100%        8
 Dragon's Call            Summ           9%         N/A       100%        9
 Fire Storm               Conj/Fire      6%         8d2       100%        9
 Polar Vortex             Ice            4%         N/A       100%        9
 Shatter                  Erth           4%         3d7*      100%        9


Dungeon Overview and Level Annotations

Branches:
Dungeon (15/15)            Temple (1/1) D:4            Lair (6/6) D:11
 Shoals (4/4) Lair:2        Snake (4/4) Lair:4        Slime (5/5) Lair:6
    Orc (2/2) D:12            Elf (3/3) Orc:2        Vaults (5/5) D:14
  Crypt (3/3) Vaults:2       Tomb (3/3) Crypt:3      Depths (4/4) D:15
   Hell (visited)             Dis (7/7) Hell            Geh (7/7) Hell
    Coc (7/7) Hell            Tar (7/7) Hell            Zot (5/5) Depths:4
  Sewer (visited)         Ossuary (visited)          WizLab (visited)
Gauntlet (visited)

Altars:
Ashenzari
Cheibriados
Dithmenos
Elyvilon
Fedhas
Gozag
Hepliaklqana
Kikubaaqudgha
Makhleb
Nemelex Xobeh
Okawaru
Qazlal
Ru
Sif Muna
Trog
Uskayaw
Vehumet
Wu Jian
Xom
Yredelemnul
Zin
The Shining One

Shops:
D:15 ?   Orc:2 *[[[   Elf:1 *=   Shoals:1 ?*   Snake:2 [   Vaults:2 [::*
Vaults:3 *((   Vaults:4 (   Depths:1 *[*   Depths:3 *

Portals:
Hell: Depths:1 Depths:2 Depths:3 Depths:4
Abyss: Depths:3
Pandemonium: Depths:2
Ziggurat: Depths:1


Innate Abilities, Weirdness & Mutations

You have razor-sharp teeth.
Your natural rate of healing is unusually fast.
When hurt, damage is shared between your health and your magic reserves.
Your bite disrupts and absorbs the magic of your enemies.
Potions cannot restore your health.
You have a pair of small antennae on your head.
You have sharp fingernails.
Your mind is acute. (Int +2)
Your magical capacity is low. (-10% MP)
You are somewhat resistant to further mutation.


Message History

You block the Ice Fiend's attack.
You can now pass through a line of other dancers.
You puncture the Ice Fiend!
The Ice Fiend convulses!
You bite the Ice Fiend!
The Ice Fiend's magic leaks into the air.
You drain its magic.
The Ice Fiend is almost dead.
You puncture the Ice Fiend!
You kill the Ice Fiend!
Unknown command.
Items here: )))).
There is a stone staircase leading up, spattered with blood here.
You climb upwards.
There is a stone staircase leading down here.
You feel yourself speed up.
There is an escape hatch in the ceiling here.
A mysterious force pulls you upwards. The hatch slams shut behind you.
As you read the scroll of teleportation, it crumbles to dust.
You feel strangely unstable.
You feel the Orb delaying your translocation!
Things that are here:
a +0 chain mail; a +0 club Your surroundings suddenly seem different.
Your extra speed is starting to run out.
There is a stone staircase leading up here.
You climb upwards.
There is a stone staircase leading down here.
You feel yourself slow down.
There is a stone staircase leading up, spattered with blood here.
You climb upwards.
There is a stone staircase leading down, spattered with blood here.
You can't go up here!
Aiming: Dig
Press: ? - help, Shift-Dir - straight line This square is covered in magical glow.
The rock shatters into small pieces.
There is a staircase leading out of the dungeon here.
A red film seems to cover your vision as you go berserk!
You feel yourself moving faster!
You feel mighty!
You feel a strong urge to attack something.
You have escaped!

#.#.........## #.#
#########.################.#
.........................#.#
.........................#.#
..###########..#######...#.# ..#
###..##### #...#.# ..#####
#........###..)#.#
......#####..............#.#
........[.......@..###...#.# ##
..........#........# #...#.# ###.
......###.####..#### #...#.# #...
......# #.# ##..# #...#.###.#.
##...## #.###...# #)..#.......
##...####.##.#..######...#.....#.
.........................#.#####.
.........................#.# #.
#########.################.## #.


There were no monsters in sight!

Vanquished Creatures
  Cerebov (Pan)
  Asmodeus (Geh:7)
  Antaeus (Coc:7)
  the Royal Jelly (Slime:5)
  Ereshkigal (Tar:7)
  Gloorx Vloq (Pan)
  Lom Lobon (Pan)
  the Serpent of Hell (Dis:7)
  Mnoleg (Pan)
  6 dread liches
  4 orbs of fire (Zot:5)
  Dispater (Dis:7)
  Mennas (Pan)
  Mara (Shoals:3)
  12 ancient liches
  8 juggernauts
  18 royal mummies
  4 pandemonium lords
  12 shard shrikes
  Sojobo (Crypt:1)
  7 Killer Klowns (Zot:5)
  A Head Instructor (WizLab)
  Xtahua (Crypt:2)
  Bai Suzhen (Elf:3)
  15 caustic shrikes
  5 golden dragons
  2 curse toes (Zot:5)
  Geryon (Hell)
  8 bone dragons
  16 profane servitors
  2 electric golems (Zot:5)
  2 spectral shard shrikes
  7 Brimstone Fiends
  A doom hound (Tar:7)
  11 iron giants
  9 Tzitzimimeh
  4 hellephants
  20 Hell Sentinels
  12 tentacled monstrosities
  13 Ice Fiends
  26 Orb Guardians
  11 tainted leviathans
  17 liches
  8 deep elf blademasters
  17 searing wretches
  A walking frostbound tome (Depths:2)
  A walking earthen tome (Depths:2)
  34 titans
  8 deep elf master archers
  4 quicksilver dragons
  12 acid blobs
  The ghost of p0werm0de the Grappler, an adept TrMo of Okawaru (Shoals:4)
  A walking divine tome (Depths:2)
  6 sphinxes
  16 tentacled starspawn
  39 ancient champions
  Kirke (D:15)
  14 Executioners
  Polyphemus (Shoals:2)
  7 tengu reavers
  Agnes (Elf:2)
  9 storm dragons
  A fenstrider witch (shapeshifter) (Depths:4)
  10 shadow dragons
  6 revenants
  Donald (Shoals:3)
  A draconian monk (Zot:5)
  Ilsuiw (Shoals:3)
  5 deep elf sorcerers (Elf:3)
  14 azure jellies
  6 rockslimes
  Roxanne (Elf:2)
  2 daevas
  A draconian knight (Depths:4)
  32 fire giants
  21 narguns
  26 frost giants
  The ghost of benappo the Eclecticist, an adept DjTm of Ru (D:13)
  3 demonspawn warmongers (Pan)
  17 vault wardens
  9 quicksilver elementals
  8 nagarajas
  An orc warlord (Vaults:2)
  Aizul (Snake:4)
  5 iron dragons
  Louise (Elf:2)
  35 balrugs
  A spectral juggernaut (Tar:4)
  2 ghost moths (Zot:5)
  7 shard shrike simulacra
  6 curse skulls
  13 reapers
  2 angels (Depths:1)
  A draconian stormcaller (Depths:4)
  A frost giant (shapeshifter) (Depths:2)
  14 cacodemons
  5 demonspawn corrupters (Pan)
  15 ghouls
  The ghost of robertstho the Eclecticist, a journeyman DjFE of Makhleb (Orc:2)
  26 ironbound preservers
  2 demonspawn blood saints (Pan)
  22 war gargoyles
  3 deep elf elementalists (Elf:3)
  3 quicksilver oozes (Slime:5)
  3 draconian annihilators (Pan)
  2 spriggan defenders
  21 stone giants
  6 deep elf demonologists
  5 ironbound thunderhulks
  40 very ugly things
  2 bennus (Tomb:3)
  9 vampire knights
  19 elemental wellsprings
  5 black draconians
  8 putrid mouths (Tar:7)
  3 demonspawn black suns (Pan)
  2 spectral titans
  3 lorocyprocas
  4 entropy weavers
  8 deep elf annihilators
  3 red draconians
  8 green draconians
  8 yellow draconians
  4 purple draconians
  5 dire elephants
  4 white draconians
  A minotaur (Gauntlet)
  20 wendigos
  3 spark wasps
  11 jiangshi
  5 deep elf death magi
  6 eidola
  Snorg (Lair:4)
  4 merfolk javelineers
  12 green deaths
  7 blizzard demons
  10 ettins
  27 mummy priests
  A spectral quicksilver dragon (Tar:3)
  10 iron golems
  A spectral spriggan (Tar:1)
  11 fire dragons
  7 merfolk impalers
  5 deep elf high priests
  17 yaktaur captains
  9 caustic shrike simulacra
  4 hell beasts
  7 ice dragons
  38 vault guards
  9 great orbs of eyes
  A great orb of eyes (shapeshifter) (Vaults:5)
  17 naga warriors
  5 boulder beetles
  5 centaur warriors
  A peacekeeper (Vaults:4)
  13 salamander tyrants
  4 rakshasas
  10 hydras
  3 ogre magi
  10 spriggan air magi
  3 merfolk aquamancers (Shoals:4)
  3 juggernaut simulacra
  5 death knights
  A satyr (Shoals:3)
  An alligator snapping turtle (Shoals:1)
  8 anacondas
  6 two-headed ogres
  4 spriggan skeletons
  19 death yaks
  2 catoblepae
  7 ironbound frosthearts
  4 merfolk avatars
  6 deep troll shamans
  2 stokers (Geh:6)
  6 tengu warriors
  6 orc high priests
  7 deep troll earth magi
  40 death scarabs (Tomb:3)
  22 hell hogs
  4 shock serpents
  6 vampire magi
  40 dancing weapons
  39 thrashing horrors
  15 naga sharpshooters
  10 hell knights
  8 crystal echidnas
  3 spriggan berserkers
  53 sun demons
  47 deep elf knights
  10 soul eaters
  Nergalle (D:12)
  Amaemon (D:8)
  2 cherubim (D:15)
  A titan skeleton (Crypt:1)
  20 sixfirhies
  5 iron trolls
  Sonja (Orc:2)
  A bunyip zombie (Crypt:2)
  A storm dragon skeleton (Crypt:3)
  8 salamander mystics
  30 shadow wraiths
  A goliath frog (Lair:6)
  27 skeletal warriors
  11 sea snakes
  9 spatial maelstroms
  16 wretched stars
  5 flayed ghosts
  4 quicksilver dragon simulacra
  An obsidian statue (Zot:5)
  5 glowing orange brains
  3 shadow demons
  A spectral anaconda (Tar:3)
  5 bog bodies
  2 golden dragon skeletons
  2 orb spiders
  2 kraken simulacra (Coc:7)
  A death drake (shapeshifter) (Abyss:3)
  10 spriggan simulacra
  85 deep trolls
  22 starcursed masses
  2 naga ritualists
  A spectral iron dragon (Tar:5)
  A tengu zombie (Crypt:2)
  7 orc knights
  A fenstrider witch simulacrum (Coc:1)
  8 lindwurms
  26 deep elf archers
  13 ironbound convokers
  A bunyip skeleton (Tomb:2)
  Pikel (D:3)
  39 deep elf pyromancers
  26 phantasmal warriors
  13 necromancers
  27 harpies
  47 deep elf zephyrmancers
  7 wizards
  An iron dragon zombie (Crypt:2)
  11 mana vipers
  3 oklob plants (Lair:6)
  5 fauns
  A shining eye (shapeshifter) (Elf:1)
  A mana viper (shapeshifter) (Vaults:5)
  2 spectral ettins
  20 manticores
  35 ugly things
  6 worldbinders
  5 shining eyes
  5 orc sorcerers
  A stone giant zombie (Abyss:3)
  2 will-o-the-wisps (Abyss:3)
  A wolf spider (D:15)
  24 cyclopes
  A moth of wrath (shapeshifter) (Abyss:2)
  19 salamanders
  A sphinx skeleton (Crypt:3)
  Maurice (D:11)
  An iron dragon skeleton (Hell)
  4 moths of wrath
  12 elephants
  A fire giant skeleton (Crypt:3)
  16 naga magi
  2 eyes of devastation
  7 water nymphs
  A centaur zombie (Hell)
  4 guardian serpents
  19 vault sentinels
  2 gargoyles
  6 merfolk sirens
  An elephant (shapeshifter) (Abyss:3)
  3 molten gargoyles (Geh:7)
  9 rust devils
  2 storm dragon simulacra
  25 smoke demons
  A shock serpent skeleton (Crypt:2)
  22 black mambas
  14 orange demons
  24 cane toads
  Maggie (D:10)
  A yaktaur (shapeshifter) (Depths:3)
  5 apocalypse crabs
  3 spectral swamp worms (Tar:7)
  An elephant slug zombie (Crypt:2)
  10 rime drakes
  A dire elephant skeleton (Pan)
  8 komodo dragons
  3 unseen horrors
  7 demonic crawlers
  13 tormentors
  A centaur skeleton (Pan)
  28 yaktaurs
  A pale draconian zombie (Crypt:2)
  14 swamp worm zombies (Crypt:2)
  2 efreet (Pan)
  21 hellions
  A minotaur skeleton (Crypt:2)
  8 tengu conjurers
  38 guardian mummies
  13 ancient zymes
  An iron giant simulacrum (Coc:5)
  12 hellwings
  An iron troll zombie (Crypt:3)
  11 freezing wraiths
  A silent spectre (Abyss:4)
  A spectral harpy (Crypt:3)
  A spectral naga (Crypt:3)
  2 queen bees
  2 golden dragon simulacra
  21 merfolk
  A death yak skeleton (Crypt:3)
  4 ice devils (Hell)
  An anaconda simulacrum (Coc:2)
  A green draconian skeleton (Crypt:2)
  A burning bush (Lair:2)
  A troll (shapeshifter) (D:13)
  5 trolls
  13 meliai
  6 wind drakes
  3 red devils
  A shadow dragon simulacrum (Depths:2)
  9 polar bears
  34 raiju
  A harpy skeleton (Pan)
  92 slime creatures
  3 tyrant leeches (Lair:6)
  25 blink frogs
  3 iron dragon simulacra
  9 snapping turtles
  A stone giant simulacrum (Coc:3)
  7 hornets
  An ice dragon zombie (Crypt:1)
  4 centaur simulacra
  A sphinx simulacrum (Depths:2)
  6 dream sheep (Shoals:1)
  2 jumping spiders (Vaults:5)
  A boulder beetle zombie (Crypt:1)
  A merfolk zombie (Hell)
  3 dire elephant simulacra
  A guardian serpent skeleton (Crypt:3)
  29 flying skulls
  An ettin skeleton (Crypt:1)
  A vampire (Abyss:4)
  19 wyverns
  51 yaks
  14 shadows
  13 wraiths
  26 ynoxinuls
  A human (shapeshifter) (Vaults:5)
  A hog (D:15)
  An ice dragon skeleton (Crypt:2)
  24 ushabtiu
  A merfolk skeleton (Pan)
  A spriggan (shapeshifter) (Elf:2)
  6 air elementals
  3 spriggans
  6 fire bats
  15 water elementals
  20 neqoxecs
  7 basilisks
  3 humans (D:15)
  A golden eye (shapeshifter) (Abyss:3)
  5 golden eyes
  A basilisk (shapeshifter) (Vaults:5)
  2 fire elementals
  A redback (Vaults:4)
  An alligator snapping turtle simulacrum (Coc:1)
  15 chaos spawn
  53 nagas
  9 vampire mosquitoes
  11 harpy simulacra
  3 wargs
  2 acid dragons
  23 spatial vortices
  A naga zombie (Abyss:4)
  13 water moccasins
  64 large abominations
  2 naga skeletons
  6 floating eyes
  A deep troll skeleton (Crypt:3)
  8 hell hounds
  2 ice beasts
  28 orc warriors
  A sky beast (D:7)
  4 ettin simulacra
  10 black bears
  7 boggarts (D:15)
  8 ogres
  A human zombie (Vaults:5)
  10 wolves
  9 centaurs
  2 phantoms
  A swamp dragon skeleton (Crypt:1)
  33 small abominations
  17 bullfrogs
  An elf zombie (D:7)
  5 kobold brigands
  6 earth elementals
  3 gnoll sergeants
  2 elf skeletons (D:7)
  5 necrophages
  A scorpion (D:6)
  7 naga simulacra
  A scorpion (shapeshifter) (Depths:3)
  5 wights
  An orc simulacrum (Orc:2)
  34 killer bees
  2 spectral ogres (Orc:2)
  3 howler monkeys
  3 electric eels
  4 crimson imps
  8 quasits
  3 jellies
  A lava snake (D:15)
  35 orc priests
  8 hounds
  Crazy Yiuf (D:6)
  Ijyb (D:3)
  2 iron imps
  5 iguanas
  Natasha (thrice) (D:2)
  12 hell rats
  3 human skeletons
  30 orc wizards
  A spectral orc (Orc:2)
  An acid dragon skeleton (Crypt:3)
  46 mummies
  16 gnolls
  A swamp drake zombie (Crypt:1)
  8 adders
  2 ogre simulacra (Orc:2)
  A river rat (shapeshifter) (Abyss:3)
  A river rat (D:5)
  3 shadow imps
  12 white imps
  7 ufetubi
  An adder zombie (Crypt:1)
  5 worms
  4 dart slugs
  74 orcs
  8 ball pythons
  4 bats
  4 endoplasms
  5 giant cockroaches
  A gnoll zombie (Ossuary)
  7 goblins
  6 hobgoblins
  17 jackals
  5 quokkas
  A frilled lizard (D:1)
  4 goblin zombies (Ossuary)
  A hobgoblin skeleton (Crypt:3)
  5 hobgoblin zombies (Ossuary)
  22 kobolds
  3 kobold zombies (Ossuary)
  An orc skeleton (D:7)
  6 rats
  A creeping inferno (Hell)
  6 fire vortices
  3 lurking horrors (Abyss:4)
  9 starspawn tentacles
4030 creatures vanquished.

Vanquished Creatures (collateral kills)
  An ogre (D:7)
1 creature vanquished.

Vanquished Creatures (others)
  An elemental wellspring (Coc:7)
  A hell knight (Hell)
  2 deep elf knights (Elf:1)
  A deep elf archer (Elf:3)
  2 spriggan simulacra
  A wizard (Vaults:1)
  4 deep elf pyromancers
  A titan simulacrum (Coc:7)
  An unseen horror (Abyss:5)
  A tengu conjurer (D:13)
  2 hellwings (Pan)
  A golden dragon simulacrum (Coc:3)
  An iron dragon simulacrum (Coc:3)
  A flying skull (Crypt:3)
  2 dire elephant simulacra
  A golden eye (Abyss:4)
  An orc warrior (Vaults:5)
  A black bear (D:7)
  A small abomination (Abyss:4)
  A wight (D:7)
  A jelly (D:7)
  An orc (D:7)
  50 bushes (D:15)
  2 creeping infernos
  16 demonic plants
  2 foxfires (Abyss:3)
  34 fungi
  3 lurking horrors
  165 plants
  13 starspawn tentacles
  4 tentacles (Coc:7)
  3 withered plants (Gauntlet)
321 creatures vanquished.

Grand Total: 4352 creatures vanquished

Notes
Turn   | Place    | Note
-------+----------+-------------------------------------------
     0 | D:1      | Athor the Vine Stalker Fighter began the quest for the Orb.
     0 | D:1      | Reached XP level 1. HP: 11/11 MP: 2/2
   302 | D:1      | Reached XP level 2. HP: 16/16 MP: 3/3
   950 | D:1      | Reached XP level 3. HP: 20/20 MP: 4/4
   988 | D:1      | Found a faded altar of an unknown god.
  1181 | D:2      | Noticed Natasha
  1325 | D:2      | Killed Natasha
  1326 | D:2      | Gained mutation: Your natural rate of healing is unusually
                  | fast. [Vine Stalker growth]
  1326 | D:2      | Reached XP level 4. HP: 19/24 MP: 5/5
  1502 | D:2      | Noticed Natasha
  1514 | D:2      | Killed Natasha
  1840 | D:2      | Noticed Natasha
  1849 | D:2      | Killed Natasha
  1850 | D:2      | Reached XP level 5. HP: 26/28 MP: 6/6
  2292 | D:3      | Reached skill level 1 in Stealth
  2292 | D:3      | Reached XP level 6. HP: 32/32 MP: 7/7
  2502 | D:3      | Found an ornate altar of the Wu Jian Council.
  2748 | D:3      | Identified the +5 dagger of Uteuwehu {drain, *Rage rPois
                  | rC- Will++}
  3224 | D:4      | Reached skill level 1 in Dodging
  3359 | D:4      | Reached skill level 1 in Throwing
  3359 | D:4      | Reached XP level 7. HP: 37/37 MP: 8/8
  3470 | D:4      | Found a staircase to the Ecumenical Temple.
  3481 | Temple   | Entered the Ecumenical Temple
  3778 | D:4      | Noticed Ijyb
  3780 | D:4      | Noticed Pikel
  3793 | D:3      | Killed Ijyb
  3797 | D:3      | Killed Pikel
  3798 | D:3      | Gained mutation: You have razor-sharp teeth. [Vine Stalker
                  | growth]
  3798 | D:3      | Reached XP level 8. HP: 15/42 MP: 3/9
  4411 | D:5      | Entered Level 5 of the Dungeon
  4632 | D:5      | Found a glowing drain.
  4640 | Sewer    | Entered a sewer
  5077 | D:5      | Reached skill level 5 in Short Blades
  5079 | D:5      | Reached skill level 5 in Armour
  5601 | D:5      | Reached XP level 9. HP: 37/46 MP: 5/10
  5612 | D:5      | Learned a level 2 spell: Ensorcelled Hibernation
  6072 | D:6      | Found a runed translucent door.
  6073 | D:6      | Noticed Crazy Yiuf
  6080 | D:6      | Killed Crazy Yiuf
  6081 | D:6      | Reached skill level 5 in Fighting
  6738 | D:7      | Found a sand-covered staircase.
  6742 | D:7      | Reached skill level 2 in Stealth
  6753 | Ossuary  | Entered an ossuary
  7303 | D:7      | Reached skill level 3 in Stealth
  7499 | D:7      | Reached XP level 10. HP: 35/51 MP: 11/11
  7721 | D:7      | Found a shimmering altar of Xom.
  7957 | D:8      | Found a blossoming altar of Fedhas.
  8178 | D:8      | Reached skill level 5 in Shields
  8189 | D:8      | Reached skill level 1 in Evocations
  8656 | D:8      | Reached skill level 4 in Stealth
  8993 | D:8      | Noticed Amaemon
  8993 | D:8      | Noticed an orange demon
  9265 | D:8      | Killed Amaemon
  9288 | D:8      | Killed an orange demon
  9526 | D:9      | Noticed a two-headed ogre
  9534 | D:9      | Killed a two-headed ogre
  9535 | D:9      | Reached skill level 5 in Stealth
  9535 | D:9      | Reached XP level 11. HP: 52/56 MP: 12/12
 10355 | D:10     | Entered Level 10 of the Dungeon
 10372 | D:10     | Reached skill level 5 in Dodging
 10498 | D:10     | Found a basalt altar of Yredelemnul.
 10498 | D:10     | Found an iron altar of Okawaru.
 10503 | D:10     | Became a worshipper of Warmaster Okawaru
 10701 | D:10     | Noticed Maggie
 10716 | D:10     | Killed Maggie
 10927 | D:10     | Reached * piety under Okawaru
 11218 | D:10     | Reached skill level 5 in Throwing
 11298 | D:11     | Noticed a boulder beetle
 11311 | D:11     | Killed a boulder beetle
 11366 | D:11     | Noticed a cyclops
 11379 | D:11     | Reached ** piety under Okawaru
 11388 | D:11     | Killed a cyclops
 11404 | D:11     | Found a staircase to the Lair.
 11586 | D:11     | Noticed Maurice
 11601 | D:11     | Killed Maurice
 11601 | D:11     | Reached *** piety under Okawaru
 11655 | D:11     | Noticed a manticore
 11694 | D:11     | Killed a manticore
 11757 | Lair:1   | Entered Level 1 of the Lair of Beasts
 11807 | Lair:1   | Reached XP level 12. HP: 52/62 MP: 13/13
 12169 | Lair:1   | Reached **** piety under Okawaru
 12865 | Lair:2   | Reached skill level 6 in Stealth
 12899 | Lair:2   | Reached ***** piety under Okawaru
 13112 | Lair:2   | Noticed a five-headed hydra
 13130 | Lair:2   | Killed a five-headed hydra
 13355 | Lair:2   | Found a staircase to the Shoals.
 13486 | Lair:2   | Reached XP level 13. HP: 63/68 MP: 14/14
 13535 | Lair:2   | Reached ****** piety under Okawaru
 13570 | Lair:2   | Received a gift from Okawaru
 13778 | Lair:2   | Identified the +7 rapier of the Living Dead {drain, *Noise
                  | Fly Str+4} (Okawaru gifted it to you on level 2 of the Lair
                  | of Beasts)
 13778 | Lair:2   | Received a gift from Okawaru
 14870 | Lair:3   | Reached skill level 10 in Short Blades
 15018 | Lair:3   | Identified the +2 trident of Doom {freeze, Dex+3}
 15131 | Lair:3   | Received a gift from Okawaru
 15372 | Lair:3   | Received a gift from Okawaru
 15772 | Lair:4   | Found a staircase to the Snake Pit.
 16084 | Lair:4   | Received a gift from Okawaru
 16120 | Lair:4   | Reached skill level 10 in Shields
 16202 | Lair:4   | Reached XP level 14. HP: 73/75 MP: 15/15
 16618 | Lair:5   | Noticed Snorg
 16632 | Lair:4   | Killed Snorg
 16807 | Lair:4   | Received a gift from Okawaru
 17352 | Lair:6   | Entered Level 6 of the Lair of Beasts
 17455 | Lair:6   | Reached skill level 1 in Invocations
 17971 | Lair:6   | Received a gift from Okawaru
 18155 | Lair:6   | Reached XP level 15. HP: 79/80 MP: 17/17
 18429 | Lair:6   | Reached skill level 10 in Fighting
 18730 | Lair:6   | Found a staircase to the Slime Pits.
 18944 | Shoals:1 | Entered Level 1 of the Shoals
 19050 | Shoals:1 | Found Yrruely's Magic Scroll Emporium.
 19064 | Shoals:1 | Bought a scroll of fog for 38 gold pieces
 19064 | Shoals:1 | Bought a scroll of fear for 66 gold pieces
 19064 | Shoals:1 | Bought a scroll of enchant armour for 142 gold pieces
 19064 | Shoals:1 | Bought a scroll of identify for 38 gold pieces
 19228 | Shoals:1 | Found Solair's Assorted Antiques.
 19263 | Shoals:1 | Bought a scroll of identify for 34 gold pieces
 19263 | Shoals:1 | Bought a wand of iceblast (4) for 68 gold pieces
 19263 | Shoals:1 | Bought a scroll of summoning for 161 gold pieces
 19263 | Shoals:1 | Bought a scroll of teleportation for 51 gold pieces
 19263 | Shoals:1 | Bought a runed ring mail for 119 gold pieces
 19314 | Shoals:1 | Received a gift from Okawaru
 19466 | Shoals:2 | Found a snail-covered altar of Cheibriados.
 19562 | Shoals:2 | Noticed Polyphemus
 19566 | Shoals:2 | Received a gift from Okawaru
 19579 | Shoals:2 | Killed Polyphemus
 19598 | Shoals:2 | Reached skill level 7 in Stealth
 20026 | Shoals:3 | Noticed Mara
 20027 | Shoals:3 | Noticed Athor's illusion
 20090 | Shoals:3 | Noticed Athor's illusion
 20096 | Shoals:3 | HP: 1/81 [cyclops/large rock (30)]
 20220 | Shoals:3 | Noticed Athor's illusion
 20225 | Shoals:3 | Received a gift from Okawaru
 20328 | Shoals:3 | Killed Mara
 20328 | Shoals:3 | Identified the +2 robe of Disguise {Str+4 Stlth- Archmagi}
                  | (Okawaru gifted it to you on level 3 of the Shoals)
 20328 | Shoals:3 | Received a gift from Okawaru
 20329 | Shoals:3 | Reached XP level 16. HP: 82/86 MP: 18/18
 20397 | Shoals:3 | Identified the +3 shortbow of Arrival {freeze, Will+}
 20443 | Shoals:3 | Reached skill level 8 in Stealth
 20554 | Shoals:3 | Reached skill level 10 in Armour
 20615 | Shoals:3 | Noticed Ilsuiw
 20661 | Shoals:3 | Reached skill level 5 in Evocations
 20763 | Shoals:3 | Killed Ilsuiw
 20770 | Shoals:3 | Gained mutation: Your body sometimes deteriorates upon
                  | taking damage. [potion of mutation]
 20770 | Shoals:3 | Gained mutation: You are agile. (Dex +2) [potion of
                  | mutation]
 20770 | Shoals:3 | Gained mutation: Your body often deteriorates upon taking
                  | damage. [potion of mutation]
 20771 | Shoals:3 | Lost mutation: You are agile. (Dex +2) [potion of mutation]
 20771 | Shoals:3 | Lost mutation: Your body often deteriorates upon taking
                  | damage. [potion of mutation]
 20771 | Shoals:3 | Lost mutation: Your body sometimes deteriorates upon taking
                  | damage. [potion of mutation]
 20771 | Shoals:3 | Gained mutation: You have sharp toenails. [potion of
                  | mutation]
 20771 | Shoals:3 | Gained mutation: You have a pair of small horns on your
                  | head. [potion of mutation]
 20771 | Shoals:3 | Gained mutation: You are weak. (Str -2) [potion of
                  | mutation]
 20771 | Shoals:3 | Gained mutation: You are partially covered in large bone
                  | plates. (SH +4) [potion of mutation]
 20772 | Shoals:3 | Lost mutation: You are weak. (Str -2) [potion of mutation]
 20772 | Shoals:3 | Lost mutation: You have a pair of small horns on your head.
                  | [potion of mutation]
 20772 | Shoals:3 | Gained mutation: Armour fits poorly on your strangely
                  | shaped body. [potion of mutation]
 20773 | Shoals:3 | Lost mutation: You have sharp toenails. [potion of
                  | mutation]
 20773 | Shoals:3 | Lost mutation: You are partially covered in large bone
                  | plates. (SH +4) [potion of mutation]
 20773 | Shoals:3 | Lost mutation: Armour fits poorly on your strangely shaped
                  | body. [potion of mutation]
 20773 | Shoals:3 | Gained mutation: You have hidden genetic potential. [potion
                  | of mutation]
 20773 | Shoals:3 | Gained mutation: You are clumsy. (Dex -2) [potion of
                  | mutation]
 20773 | Shoals:3 | Gained mutation: You are frail. (-10% HP) [potion of
                  | mutation]
 20773 | Shoals:3 | Gained mutation: You expend magic power (3 MP) to
                  | strengthen your wands. [potion of mutation]
 20871 | Shoals:3 | Noticed Donald
 20901 | Shoals:3 | Killed Donald
 20980 | Shoals:4 | Entered Level 4 of the Shoals
 21059 | Shoals:4 | Found a transporter.
 21270 | Shoals:4 | Noticed p0werm0de's ghost (adept TrMo)
 21283 | Shoals:4 | Found a transporter.
 21337 | Shoals:4 | Identified the +1 chain mail of Action {rC- Str+4} (Okawaru
                  | gifted it to you on level 4 of the Shoals)
 21337 | Shoals:4 | Received a gift from Okawaru
 21495 | Shoals:4 | Found the +13 scythe of Curses {drain, Drain}
 21806 | Shoals:4 | Reached skill level 15 in Shields
 21866 | Shoals:4 | Got a barnacled rune of Zot
 21915 | Shoals:4 | Identified the amulet "Voteyry" {Acrobat rPois Dex+4
                  | Slay+3}
 21955 | Shoals:4 | Killed p0werm0de's ghost
 22207 | Shoals:1 | Reached XP level 17. HP: 81/81 MP: 19/19
 22220 | Shoals:1 | Bought a scroll of magic mapping for 66 gold pieces
 22220 | Shoals:1 | Bought a scroll of brand weapon for 380 gold pieces
 22220 | Shoals:1 | Bought a scroll of magic mapping for 66 gold pieces
 22220 | Shoals:1 | Bought a scroll of holy word for 142 gold pieces
 22335 | Lair:4   | Reached skill level 9 in Stealth
 22358 | Snake:1  | Entered Level 1 of the Snake Pit
 22659 | Snake:1  | Gained mutation: Your spells are a little harder to cast,
                  | but a little more powerful. [hidden potential]
 22681 | Snake:1  | Received a gift from Okawaru
 23104 | Snake:2  | Received a gift from Okawaru
 23105 | Snake:2  | Reached skill level 10 in Dodging
 23242 | Snake:2  | Found Viopiun's Antique Armour Shoppe.
 23250 | Snake:2  | Bought a pair of glowing boots for 307 gold pieces
 23265 | Snake:2  | Bought a pair of glowing gloves for 307 gold pieces
 23378 | Snake:2  | Received a gift from Okawaru
 23562 | Snake:2  | Identified the +6 spear "Lugoz" {antimagic, rElec rC+
                  | Str-5}
 23575 | Snake:2  | Reached skill level 10 in Stealth
 24521 | Snake:3  | Received a gift from Okawaru
 25272 | Snake:4  | Entered Level 4 of the Snake Pit
 25284 | Snake:4  | Noticed Aizul
 25307 | Snake:4  | Killed Aizul
 25308 | Snake:4  | Reached XP level 18. HP: 67/87 MP: 14/21
 25398 | Snake:4  | Received a gift from Okawaru
 25558 | Snake:4  | Reached skill level 11 in Stealth
 25773 | Snake:4  | Gained mutation: You have supernaturally acute eyesight.
                  | (SInv) [hidden potential]
 25773 | Snake:4  | Lost mutation: You have hidden genetic potential. [hidden
                  | potential expressed]
 25774 | Snake:4  | Lost mutation: Your spells are a little harder to cast, but
                  | a little more powerful. [potion of mutation]
 25774 | Snake:4  | Lost mutation: You have supernaturally acute eyesight.
                  | (SInv) [potion of mutation]
 25774 | Snake:4  | Gained mutation: Your spells are a little easier to cast,
                  | but a little less powerful. [potion of mutation]
 25774 | Snake:4  | Gained mutation: You sometimes lose the ability to read
                  | scrolls when taking damage. [potion of mutation]
 25774 | Snake:4  | Gained mutation: You have a pair of small horns on your
                  | head. [potion of mutation]
 25775 | Snake:4  | Lost mutation: You are clumsy. (Dex -2) [potion of
                  | mutation]
 25775 | Snake:4  | Lost mutation: Your spells are a little easier to cast, but
                  | a little less powerful. [potion of mutation]
 25775 | Snake:4  | Lost mutation: You sometimes lose the ability to read
                  | scrolls when taking damage. [potion of mutation]
 25775 | Snake:4  | Lost mutation: You have a pair of small horns on your head.
                  | [potion of mutation]
 25775 | Snake:4  | Lost mutation: You are frail. (-10% HP) [potion of
                  | mutation]
 25898 | Snake:4  | Received a gift from Okawaru
 26084 | Snake:4  | Got a serpentine rune of Zot
 26775 | D:12     | Noticed Nergalle
 26788 | D:12     | Killed Nergalle
 26829 | D:12     | Reached skill level 5 in Invocations
 27159 | D:12     | Found a staircase to the Orcish Mines.
 27293 | D:12     | You are sucked into a shaft and drop 3 floors!
 27293 | D:15     | Entered Level 15 of the Dungeon
 27293 | D:15     | Found Ciopn's Magic Scroll Boutique.
 27333 | D:15     | Bought a scroll of enchant armour for 112 gold pieces
 27333 | D:15     | Bought a scroll of enchant armour for 112 gold pieces
 27343 | D:15     | Bought a scroll of fog for 30 gold pieces
 27377 | D:15     | Noticed Kirke
 27390 | D:15     | Killed Kirke
 27399 | D:15     | Found a staircase to the Depths.
 28608 | D:14     | Identified the +0 chain mail of Tomorrow {rPois rC+}
                  | (Okawaru gifted it to you on level 14 of the Dungeon)
 28608 | D:14     | Received a gift from Okawaru
 28623 | D:14     | Found a gate to the Vaults.
 28699 | D:14     | Reached XP level 19. HP: 102/102 MP: 24/24
 29138 | D:13     | Found a large runed translucent door.
 29138 | D:13     | Found a large runed translucent door.
 29141 | D:13     | Noticed benappo's ghost (adept DjTm)
 29209 | D:13     | Killed benappo's ghost
 29216 | D:13     | Identified the +0 plate armour "Retoa" {rN++}
 30173 | D:12     | Found a portal to a secret trove of treasure.
 30233 | Orc:1    | Entered Level 1 of the Orcish Mines
 30372 | Orc:1    | Learned a level 1 spell: Apportation
 30670 | Orc:2    | Entered Level 2 of the Orcish Mines
 30670 | Orc:2    | Found a runed translucent gate.
 30670 | Orc:2    | Found a runed translucent gate.
 30695 | Orc:2    | Found a gate leading to a gauntlet.
 30712 | Gauntlet | Entered a Gauntlet
 30712 | Gauntlet | Found a transporter.
 30721 | Gauntlet | Found a transporter.
 30736 | Gauntlet | Found a transporter.
 30741 | Gauntlet | Found a transporter.
 30756 | Gauntlet | Found a transporter.
 30775 | Gauntlet | Found a transporter.
 30787 | Gauntlet | Found a transporter.
 30799 | Gauntlet | Found a transporter.
 30811 | Gauntlet | Found a transporter.
 30823 | Gauntlet | Found a transporter.
 30840 | Gauntlet | Found a transporter.
 30840 | Gauntlet | Found a transporter.
 30860 | Gauntlet | Found a transporter.
 30862 | Gauntlet | Found a transporter.
 30890 | Gauntlet | Found a transporter.
 30894 | Gauntlet | Found a transporter.
 30922 | Gauntlet | Found a transporter.
 31005 | Gauntlet | Found a transporter.
 31245 | Gauntlet | Reached skill level 1 in Translocations
 31253 | Gauntlet | Identified the ring "Ethowiac" {Fire Will+ Str+3 Int-3
                  | Dex+3}
 31378 | Orc:2    | Found a runed translucent gate.
 31378 | Orc:2    | Noticed robertstho's ghost (journeyman DjFE)
 31411 | Orc:2    | Killed robertstho's ghost
 31457 | Orc:2    | Reached skill level 1 in Spellcasting
 31470 | Orc:2    | Reached skill level 12 in Stealth
 31555 | Orc:2    | Found Inkuatta's Armour Shoppe.
 31555 | Orc:2    | Found Awnuat's Armour Shoppe.
 31555 | Orc:2    | Found Tisky's Antique Armour Emporium.
 31560 | Orc:2    | Found Ziriurch's General Store.
 31608 | Orc:2    | Bought a spiked plate armour for 896 gold pieces
 31608 | Orc:2    | Identified the +9 plate armour of Resonance {Rampage rN+}
                  | (You bought it in a shop on level 2 of the Orcish Mines)
 31632 | Orc:2    | Bought a pair of glowing gloves for 240 gold pieces
 31635 | Orc:2    | Bought a potion of invisibility for 128 gold pieces
 31740 | Orc:2    | Noticed Sonja
 31741 | Orc:2    | Killed Sonja
 31747 | Orc:2    | Found a staircase to the Elven Halls.
 32020 | Elf:1    | Entered Level 1 of the Elven Halls
 32020 | Elf:1    | Found Uhosak's General Store.
 32061 | Elf:1    | Bought a potion of mutation for 120 gold pieces
 32181 | Elf:1    | Noticed a Brimstone Fiend
 32184 | Elf:1    | Cast into level 2 of the Abyss (a deep elf demonologist)
 32184 | Abyss:2  | Found a corrupted altar of Lugonu.
 32478 | Abyss:3  | Paralysed by an air elemental for 1 turns
 32693 | Elf:1    | Escaped the Abyss
 33124 | Elf:1    | Received a gift from Okawaru
 33350 | Elf:1    | Received a gift from Okawaru
 33466 | Elf:1    | Found Qyry's One-of-a-Kind Rings.
 33832 | Elf:2    | Identified the +0 helmet of Vuvuf {MP+9} (Okawaru gifted it
                  | to you on level 2 of the Elven Halls)
 33832 | Elf:2    | Received a gift from Okawaru
 33913 | Elf:2    | Found a runed translucent gate.
 33914 | Elf:2    | Found a runed translucent gate.
 33914 | Elf:2    | Found a runed translucent gate.
 33993 | Elf:2    | Noticed Roxanne
 34070 | Elf:2    | Killed Roxanne
 34183 | Elf:2    | Reached XP level 20. HP: 88/108 MP: 26/26
 34285 | Elf:2    | Got the Incunabulum of Damage Dealing and Calling
 34425 | Elf:2    | Identified the +10 long sword "Vaij Mono" {antimagic,
                  | Dex+4}
 34477 | Elf:2    | Noticed Agnes
 34489 | Elf:2    | Killed Agnes
 34506 | Elf:2    | Reached skill level 13 in Stealth
 34797 | Elf:2    | Paralysed by an air elemental for 1 turns
 34943 | Elf:2    | Received a gift from Okawaru
 35143 | Elf:2    | Received a gift from Okawaru
 35515 | Elf:3    | Entered Level 3 of the Elven Halls
 35515 | Elf:3    | Noticed Bai Suzhen
 35519 | Elf:3    | Noticed Louise
 35543 | Elf:3    | Cast into level 3 of the Abyss (Louise)
 35543 | Abyss:3  | Found a corrupted altar of Lugonu.
 35569 | Abyss:3  | Found a corrupted altar of Lugonu.
 35629 | Abyss:3  | Found a burning altar of Makhleb.
 35787 | Abyss:3  | Noticed a bone dragon
 35959 | Elf:3    | Escaped the Abyss
 35977 | Elf:2    | Killed Louise
 36041 | Elf:3    | Killed Bai Suzhen
 36165 | Elf:3    | Paralysed by an air elemental for 1 turns
 36174 | Elf:3    | Paralysed by an air elemental for 1 turns
 36315 | Elf:3    | Paralysed by an air elemental for 1 turns
 36485 | Elf:3    | Identified the ring of Honesty {rPois rN+ Dex+4}
 36634 | Elf:3    | Identified the +1 ring mail of Reenifol {Rampage rN+ Int+3}
                  | (Okawaru gifted it to you on level 3 of the Elven Halls)
 36634 | Elf:3    | Received a gift from Okawaru
 36639 | Elf:3    | Found the +8 arc blade {discharge, rElec}
 36730 | Elf:3    | Identified the +0 pair of gloves "Qapehar" {Stlth+}
 36736 | Elf:3    | Identified the +4 war axe of the Spider Nest {protect,
                  | rElec Dex+2 Stlth+}
 36753 | Elf:3    | Identified the +7 shortbow of Gov Soum {speed, rC+ rN+}
 37491 | Vaults:1 | Entered Level 1 of the Vaults
 37543 | Vaults:1 | Reached XP level 21. HP: 113/113 MP: 27/27
 37703 | Vaults:1 | Reached skill level 14 in Stealth
 37752 | Vaults:1 | Found a magical portal.
 37858 | WizLab   | Entered Yara's Duelist Academy
 38079 | WizLab   | Noticed Paekkus
 38091 | WizLab   | Killed Paekkus the Head Instructor
 38094 | WizLab   | Received a gift from Okawaru
 39198 | Vaults:1 | Received a gift from Okawaru
 39419 | Vaults:2 | Identified the amulet "Ysuvod" {Acrobat Rampage rC++ rCorr
                  | Int-4}
 39710 | Vaults:2 | Reached skill level 15 in Stealth
 39824 | Vaults:2 | Found Byargh Gapp's Assorted Antiques.
 39942 | Vaults:2 | Found Bueskucyt's Book Shop.
 39966 | Vaults:2 | Found Daton's Book Emporium.
 40138 | Vaults:2 | Identified the +1 robe "Sodin" {Will+}
 40312 | Vaults:2 | Found Ziaphast's Antique Armour Boutique.
 40320 | Vaults:2 | Bought a pair of faintly humming boots for 304 gold pieces
 40320 | Vaults:2 | Identified the +0 pair of boots of Qeloikk {rC+ Dex+2} (You
                  | bought it in a shop on level 2 of the Vaults)
 40604 | Vaults:2 | Found a staircase to the Crypt.
 40682 | Vaults:2 | Reached XP level 22. HP: 114/120 MP: 28/28
 41276 | Vaults:3 | Reached skill level 16 in Stealth
 41320 | Vaults:3 | Identified the +1 pair of boots "Wyth" {-Tele Rampage Fly
                  | MP+9 Dex+4} (Okawaru gifted it to you on level 3 of the
                  | Vaults)
 41320 | Vaults:3 | Received a gift from Okawaru
 41352 | Vaults:3 | Cast into level 3 of the Abyss (vault guard)
 41400 | Abyss:3  | Found a corrupted altar of Lugonu.
 41859 | Vaults:3 | Escaped the Abyss
 41993 | Vaults:3 | You fall into a shaft and drop 1 floor!
 42504 | Vaults:4 | Reached skill level 17 in Stealth
 42539 | Vaults:4 | Found Qepsa's Weapon Shoppe.
 43221 | Vaults:3 | Identified a scroll of acquirement
 43228 | Vaults:3 | Acquired the +0 pair of fencer's gloves {Riposte Dex+3}
 43228 | Vaults:3 | Found the +0 pair of fencer's gloves {Riposte Dex+3}
 43766 | Vaults:3 | Found Gozag's Assorted Antiques.
 43767 | Vaults:3 | Found an opulent altar of Gozag.
 43776 | Vaults:3 | Found Gozag's Antique Weapon Shoppe.
 43780 | Vaults:3 | Received a gift from Okawaru
 43794 | Vaults:3 | Found Gozag's Antique Weapon Shoppe.
 44340 | Elf:1    | Bought a +7 ring of slaying for 2761 gold pieces
 44681 | Temple   | Fell from the grace of Okawaru
 44681 | Temple   | Became a worshipper of the Shining One
 45052 | Crypt:1  | Entered Level 1 of the Crypt
 45119 | Crypt:1  | Reached * piety under the Shining One
 45127 | Crypt:1  | Reached XP level 23. HP: 101/125 MP: 29/29
 45273 | Crypt:1  | Reached ** piety under the Shining One
 45432 | Crypt:1  | Noticed Sojobo
 45452 | Crypt:1  | Killed Sojobo
 45465 | Crypt:1  | Reached *** piety under the Shining One
 45948 | Crypt:2  | Reached **** piety under the Shining One
 46157 | Crypt:2  | Reached ***** piety under the Shining One
 46175 | Crypt:2  | Noticed Xtahua
 46189 | Crypt:2  | Killed Xtahua
 46217 | Crypt:2  | Reached skill level 15 in Fighting
 46676 | Crypt:2  | Reached ****** piety under the Shining One
 46863 | Crypt:3  | Entered Level 3 of the Crypt
 47095 | Crypt:3  | Identified a +9 quick blade of holy wrath (a +8 quick blade
                  | of flaming blessed by the Shining One)
 47095 | Crypt:3  | Received a gift from the Shining One
 47307 | Crypt:3  | Found an ancient bone altar of Kikubaaqudgha.
 47323 | Crypt:3  | Found the +8 Vampire's Tooth {vamp}
 47329 | Crypt:3  | Identified the +5 quarterstaff "Jilom" {flame, *Noise rN++
                  | Will- Stlth+}
 47340 | Crypt:3  | Identified the amulet "Zaqumaumen" {Reflect Drain rN+++
                  | rCorr SH+5 Stlth+}
 47473 | Crypt:3  | Reached XP level 24. HP: 132/132 MP: 29/29
 47920 | Crypt:3  | Found a staircase to the Tomb.
 48596 | Temple   | Fell from the grace of the Shining One
 48596 | Temple   | Became a worshipper of Uskayaw the Reveller
 48891 | D:12     | You paid a toll of +4 fire dragon scales to enter a
                  | treasure trove
 48892 | Trove    | Entered a treasure trove
 48899 | Trove    | Identified the +0 tower shield of the Cobbler {rF+}
 48902 | Trove    | Identified the +2 tower shield of the Beginning {Str+10
                  | Int-3}
 48904 | Trove    | Identified the +0 chain mail of Subjectivity {rC- rN+++
                  | Dex+6 Slay-6}
 48906 | Trove    | Identified the +4 ring mail of Lifelessness {rC+ Dex+4}
 48908 | Trove    | Identified the +1 leather armour of Love and Death {Will+}
 48912 | Trove    | Identified the +2 leather armour "Bounueh" {rPois}
 48914 | Trove    | Identified the +9 storm dragon scales of the Stone Wall
                  | {rElec rF+ rC+ Dex+4}
 49062 | D:14     | Reached * piety under Uskayaw
 49063 | D:14     | Reached ** piety under Uskayaw
 49072 | D:14     | Reached *** piety under Uskayaw
 49076 | D:14     | Reached **** piety under Uskayaw
 49080 | D:14     | Reached ***** piety under Uskayaw
 49298 | Vaults:5 | Entered Level 5 of the Vaults
 49311 | Vaults:5 | Reached skill level 18 in Stealth
 49312 | Vaults:5 | Reached ****** piety under Uskayaw
 49405 | Vaults:5 | Got a silver rune of Zot
 49516 | Vaults:5 | Reached skill level 19 in Stealth
 49590 | Vaults:5 | Noticed an ancient lich
 49612 | Vaults:5 | Killed an ancient lich
 49746 | Vaults:5 | Identified the +5 arbalest of the Shore {vorpal, rF+ Will-
                  | rCorr}
 49769 | Vaults:5 | Identified the +4 morningstar of Gravity {flame, *Rage rF++
                  | Int+7}
 49776 | Vaults:4 | Reached XP level 25. HP: 112/139 MP: 29/29
 49895 | Vaults:5 | Got Selufiom's Reference Book on Cold
 50386 | Vaults:5 | Identified the ring "Rikkos" {rCorr EV+4 Str+8 Int-2}
 50822 | Vaults:3 | Bought a bone quick blade for 2000 gold pieces
 50822 | Vaults:3 | Identified the +4 quick blade "Rogryabi" {freeze, *Corrode
                  | rF+ Will+} (You bought it in a shop on level 3 of the
                  | Vaults)
 51034 | Depths:1 | Entered Level 1 of the Depths
 51039 | Depths:1 | Found Muciedeg's Armour Shoppe.
 51067 | Depths:1 | Found Fitew's Assorted Antiques.
 51166 | Depths:1 | Found a gateway to Hell.
 51366 | Depths:1 | Found a one-way gateway to a ziggurat.
 51460 | Depths:1 | Reached skill level 20 in Stealth
 51477 | Depths:1 | Found Kemok's Overcharged Wands.
 51768 | Depths:1 | Noticed a royal mummy
 51777 | Depths:1 | Killed a royal mummy
 51795 | Depths:1 | Noticed a royal mummy
 51807 | Depths:1 | Killed a royal mummy
 51819 | Depths:1 | Noticed a royal mummy
 51847 | Depths:1 | Killed a royal mummy
 52394 | Depths:2 | Found a one-way gate leading to the halls of Pandemonium.
 52487 | Depths:2 | Reached skill level 21 in Stealth
 52817 | Depths:2 | Reached XP level 26. HP: 145/145 MP: 31/31
 52871 | Depths:2 | Identified the ring of Afamupla {rElec rF+ Int+6}
 52882 | Depths:2 | Acquired the +4 helmet of the Will of the Gods {Int+6}
 53065 | Depths:2 | Reached skill level 10 in Invocations
 53068 | Depths:2 | Reached skill level 22 in Stealth
 53241 | Depths:2 | Found a shimmering blue altar of Sif Muna.
 53289 | Depths:3 | Identified the +4 lajatang of the Sharing Gods {freeze,
                  | Fragile rF- rN+ Str+5}
 53574 | Depths:3 | Reached skill level 15 in Armour
 53632 | Depths:3 | Got Welunoaky's Collected Works on Illusion and Bewitchment
 53691 | Depths:3 | Found a one-way gate to the infinite horrors of the Abyss.
 53696 | Depths:3 | Found Cowosu's General Store.
 53704 | Depths:3 | Bought a scroll of blinking for 82 gold pieces
 53704 | Depths:3 | Bought 5 atropa-tipped darts for 33 gold pieces
 53704 | Depths:3 | Bought a potion of cancellation for 88 gold pieces
 53704 | Depths:3 | Bought a scroll of silence for 82 gold pieces
 53706 | Depths:3 | Bought a potion of attraction for 33 gold pieces
 53795 | Depths:4 | Entered Level 4 of the Depths
 53900 | Depths:4 | Was forgiven by Okawaru
 54167 | Depths:4 | Reached skill level 23 in Stealth
 54333 | Depths:4 | Found a gate to the Realm of Zot.
 54698 | Hell     | Entered the Vestibule of Hell
 54717 | Hell     | Noticed Geryon
 54728 | Hell     | Killed Geryon
 54779 | Hell     | Found a gateway to the freezing wastes of Cocytus.
 55090 | Elf:1    | Bought the ring "Xutuohev" {rF+ SInv} for 464 gold pieces
 55932 | Depths:1 | Bought a potion of might for 132 gold pieces
 56040 | Pan      | Entered Pandemonium
 56279 | Pan      | Noticed Mennas
 56280 | Pan      | Noticed Pophik the pandemonium lord
 56286 | Pan      | Killed Mennas
 56287 | Pan      | Reached skill level 24 in Stealth
 56303 | Pan      | Killed Pophik the pandemonium lord
 56487 | Pan      | Got a demonic rune of Zot
 56490 | Pan      | Found an exit through the horrors of the Abyss.
 56618 | Pan      | Reached XP level 27. HP: 88/128 MP: 31/32
 56661 | Pan      | Noticed Asylonas the pandemonium lord
 56745 | Pan      | Entered the realm of Mnoleg.
 56830 | Pan      | Gained mutation: Your spells are a little easier to cast,
                  | but a little less powerful. [a shining eye]
 56846 | Pan      | Gained mutation: You are frail. (-10% HP) [a neqoxec]
 56993 | Pan      | Noticed Mnoleg
 57083 | Pan      | Killed Mnoleg
 57084 | Pan      | Reached skill level 25 in Stealth
 57138 | Pan      | Identified the +0 spear of Depeppe {venom, rElec Will+
                  | Int-2}
 57163 | Pan      | Got a glowing rune of Zot
 57186 | Pan      | Identified the +4 hunting sling of Exquisite Death {freeze,
                  | *Slow Fly rF+++ Int-5}
 57346 | Pan      | Lost mutation: You expend magic power (3 MP) to strengthen
                  | your wands. [potion of mutation]
 57346 | Pan      | Lost mutation: Your spells are a little easier to cast, but
                  | a little less powerful. [potion of mutation]
 57346 | Pan      | Lost mutation: You are frail. (-10% HP) [potion of
                  | mutation]
 57346 | Pan      | Gained mutation: Your mind is acute. (Int +2) [potion of
                  | mutation]
 57346 | Pan      | Gained mutation: You have supernaturally acute eyesight.
                  | (SInv) [potion of mutation]
 57346 | Pan      | Gained mutation: You possess an exceptional clarity of
                  | mind. [potion of mutation]
 57526 | Pan      | Entered the realm of Gloorx Vloq.
 57611 | Pan      | Found an exit through the horrors of the Abyss.
 57844 | Pan      | Noticed Gloorx Vloq
 57852 | Pan      | Killed Gloorx Vloq
 57882 | Pan      | Got a dark rune of Zot
 57983 | Pan      | Found an exit through the horrors of the Abyss.
 58030 | Pan      | Found a runed translucent door.
 58031 | Pan      | Found a runed translucent door.
 58052 | Pan      | Found a runed translucent door.
 58061 | Pan      | Found a runed translucent door.
 58105 | Pan      | Entered the realm of Lom Lobon.
 58132 | Pan      | Reached skill level 26 in Stealth
 58216 | Pan      | Noticed Lom Lobon
 58232 | Pan      | Killed Lom Lobon
 58271 | Pan      | Got a magical rune of Zot
 58483 | Pan      | Entered the realm of Cerebov.
 58549 | Pan      | Identified the +6 chain mail "Pibbig" {rF+ rC+ Dex+2
                  | Stlth-}
 58573 | Pan      | Found the +6 sword of Cerebov {flame}
 58573 | Pan      | Noticed Cerebov
 58588 | Pan      | Killed Cerebov
 58613 | Pan      | Identified the amulet of the Death Scarab {rC+ Will+ Regen+
                  | MP+9}
 58645 | Pan      | Got the Grimoire of Transmutation and the Mountains
 58696 | Pan      | Identified the ring of Midsummer {rElec rCorr}
 58702 | Pan      | Identified the +0 pair of gloves "Peunnyn" {-Cast rElec
                  | rPois rF+++}
 58744 | Pan      | Got the Collected Works on Weightlessness and Curses
 58864 | Pan      | Got a fiery rune of Zot
 58947 | Pan      | Found an exit through the horrors of the Abyss.
 59036 | Pan      | Noticed Idok the pandemonium lord
 59042 | Pan      | Killed Idok the pandemonium lord
 59044 | Pan      | Reached skill level 5 in Spellcasting
 59045 | Pan      | Reached skill level 27 in Stealth
 59072 | Pan      | Reached skill level 5 in Translocations
 59201 | Depths:2 | Escaped Pandemonium
 59227 | Depths:2 | Learned a level 3 spell: Lesser Beckoning
 59231 | Depths:2 | Learned a level 3 spell: Teleport Other
 59235 | Depths:2 | Learned a level 3 spell: Dazzling Flash
 59240 | Depths:2 | Learned a level 3 spell: Confusing Touch
 59244 | Depths:2 | Learned a level 3 spell: Summon Guardian Golem
 59249 | Depths:2 | Learned a level 4 spell: Passage of Golubria
 59253 | Depths:2 | Learned a level 3 spell: Gell's Gravitas
 59349 | Depths:3 | Voluntarily entered the Abyss.
 59741 | Abyss:2  | Gained mutation: Your body sometimes deteriorates upon
                  | taking damage. [a neqoxec]
 60623 | Abyss:3  | Paralysed by an air elemental for 1 turns
 61374 | Abyss:4  | Found a corrupted altar of Lugonu.
 61455 | Abyss:4  | Found a corrupted altar of Lugonu.
 62226 | Abyss:4  | Found a hazy altar of Hepliaklqana.
 62401 | Abyss:5  | Entered Level 5 of the Abyss
 62404 | Abyss:5  | Got an abyssal rune of Zot
 62752 | Depths:3 | Escaped the Abyss
 62894 | Hell     | Found a gateway to the ashen valley of Gehenna.
 62945 | Hell     | Lost mutation: Your mind is acute. (Int +2) [potion of
                  | mutation]
 62945 | Hell     | Lost mutation: You possess an exceptional clarity of mind.
                  | [potion of mutation]
 62945 | Hell     | Lost mutation: Your body sometimes deteriorates upon taking
                  | damage. [potion of mutation]
 62945 | Hell     | Gained mutation: You expend magic power (3 MP) to
                  | strengthen your wands. [potion of mutation]
 62945 | Hell     | Gained mutation: You have a pair of small horns on your
                  | head. [potion of mutation]
 62972 | Geh:1    | Entered Level 1 of Gehenna
 63131 | Geh:2    | Reached skill level 15 in Invocations
 63364 | Geh:5    | You are sucked into a shaft and drop 1 floor!
 63364 | Geh:6    | Noticed an ancient lich
 63395 | Geh:6    | Killed an ancient lich
 63449 | Geh:7    | Entered Level 7 of Gehenna
 63517 | Geh:7    | Reached skill level 10 in Throwing
 63561 | Geh:7    | Found the +7 sceptre of Asmodeus
 63561 | Geh:7    | Noticed Asmodeus
 63580 | Geh:7    | Killed Asmodeus
 63589 | Geh:7    | Got an obsidian rune of Zot
 63590 | Geh:7    | Identified the ring of Qilemien {rF- rCorr Int+6 Dex+10}
 63591 | Geh:7    | Identified the +1 leather armour of the Lich-sworn {rPois
                  | SInv}
 63592 | Geh:7    | Identified the ring "Kewn" {rC+ rN+ Int+6 SInv Stlth-}
 63597 | Geh:7    | Got the Papyrus of the Mountains and the Voyage
 63611 | Geh:7    | Identified the +5 shortbow of Bopeuz {venom, Contam Will+
                  | Int+4}
 64022 | Coc:1    | Entered Level 1 of Cocytus
 64116 | Coc:1    | Noticed an ancient lich
 64117 | Coc:1    | Noticed an ancient lich
 64119 | Coc:1    | Noticed a dread lich
 64124 | Coc:1    | Killed an ancient lich
 64126 | Coc:1    | Killed an ancient lich
 64135 | Coc:1    | Killed a dread lich
 64138 | Coc:1    | Noticed an ancient lich
 64138 | Coc:1    | Noticed an ancient lich
 64138 | Coc:1    | Noticed an ancient lich
 64139 | Coc:1    | Noticed an ancient lich
 64139 | Coc:1    | Noticed an ancient lich
 64143 | Coc:1    | Noticed an ancient lich
 64151 | Coc:1    | Killed an ancient lich
 64154 | Coc:1    | Killed an ancient lich
 64154 | Coc:1    | Killed an ancient lich
 64154 | Coc:1    | Killed an ancient lich
 64158 | Coc:1    | Killed an ancient lich
 64160 | Coc:1    | Killed an ancient lich
 64829 | Coc:7    | Entered Level 7 of Cocytus
 65065 | Coc:7    | Paralysed by a wendigo for 1 turns
 65142 | Coc:7    | Paralysed by a wendigo for 1 turns
 65183 | Coc:7    | Paralysed by a wendigo for 1 turns
 65208 | Coc:7    | Paralysed by a wendigo for 1 turns
 65243 | Coc:7    | Paralysed by a wendigo for 1 turns
 65372 | Coc:7    | Identified the +8 great mace of the Thieving Seer {freeze,
                  | Fly Int+4}
 65567 | Coc:7    | Identified the +2 long sword "Feanyik" {vamp, rF+ rC+ rCorr
                  | Int-3}
 65567 | Coc:7    | Noticed Antaeus
 65568 | Coc:7    | Killed Antaeus
 65591 | Coc:7    | Got an icy rune of Zot
 65596 | Coc:7    | Identified the +6 scythe of the World {spect, rPois Stlth+}
 65712 | Hell     | Lost mutation: You have a pair of small horns on your head.
                  | [potion of mutation]
 65712 | Hell     | Lost mutation: You expend magic power (3 MP) to strengthen
                  | your wands. [potion of mutation]
 65712 | Hell     | Gained mutation: Your body sometimes deteriorates upon
                  | taking damage. [potion of mutation]
 65712 | Hell     | Lost mutation: You have supernaturally acute eyesight.
                  | (SInv) [potion of mutation]
 65712 | Hell     | Gained mutation: Your flesh is heat resistant. (rF+)
                  | [potion of mutation]
 65713 | Hell     | Lost mutation: Your flesh is heat resistant. (rF+) [potion
                  | of mutation]
 65713 | Hell     | Lost mutation: Your body sometimes deteriorates upon taking
                  | damage. [potion of mutation]
 65713 | Hell     | Gained mutation: Your mind is acute. (Int +2) [potion of
                  | mutation]
 65714 | Hell     | Lost mutation: Your mind is acute. (Int +2) [potion of
                  | mutation]
 65714 | Hell     | Gained mutation: You have hidden genetic defects. [potion
                  | of mutation]
 65714 | Hell     | Gained mutation: You are covered in fur. (AC +1) [potion of
                  | mutation]
 65714 | Hell     | Gained mutation: You are resistant to electric shocks.
                  | (rElec) [potion of mutation]
 65715 | Hell     | Lost mutation: You are resistant to electric shocks.
                  | (rElec) [potion of mutation]
 65715 | Hell     | Lost mutation: You have hidden genetic defects. [potion of
                  | mutation]
 65715 | Hell     | Lost mutation: You are covered in fur. (AC +1) [potion of
                  | mutation]
 65715 | Hell     | Gained mutation: You have a somewhat thin skeletal
                  | structure. (Dex +2, Stealth+) [potion of mutation]
 65715 | Hell     | Gained mutation: You are partially covered in iridescent
                  | scales. (AC +2) [potion of mutation]
 65833 | Hell     | Found a gateway to the Iron City of Dis.
 65840 | Dis:1    | Entered Level 1 of the Iron City of Dis
 65918 | Dis:2    | Noticed a dread lich
 66114 | Dis:5    | Noticed a dread lich
 66114 | Dis:5    | Noticed a dread lich
 66137 | Dis:5    | Killed a dread lich
 66141 | Dis:5    | Killed a dread lich
 66204 | Dis:5    | Noticed a dread lich
 66227 | Dis:5    | Killed a dread lich
 66567 | Dis:7    | Entered Level 7 of the Iron City of Dis
 67063 | Dis:7    | Noticed a juggernaut
 67066 | Dis:7    | Killed a juggernaut
 67101 | Dis:7    | Got the Grimoire of Crystal
 67198 | Dis:7    | Noticed the Serpent of Hell
 67201 | Dis:7    | Killed the Serpent of Hell
 67386 | Dis:7    | Noticed a juggernaut
 67387 | Dis:7    | Identified the +5 short sword of Xamamys {spect, Will+
                  | Dex+3}
 67412 | Dis:7    | Killed a juggernaut
 67612 | Dis:7    | Noticed a juggernaut
 67618 | Dis:7    | Found the +4 staff of Dispater
 67618 | Dis:7    | Noticed Dispater
 67630 | Dis:7    | Killed Dispater
 67636 | Dis:7    | Killed a juggernaut
 67683 | Dis:7    | Got an iron rune of Zot
 67688 | Dis:7    | Identified the +9 trident "Peodi" {pain, Dex+4}
 67855 | Hell     | Found a gateway to the decaying netherworld of Tartarus.
 67924 | Tar:1    | Entered Level 1 of Tartarus
 67942 | Tar:2    | Noticed a juggernaut
 67946 | Tar:2    | Killed a juggernaut
 67948 | Tar:2    | Noticed a juggernaut
 67949 | Tar:2    | Noticed a juggernaut
 67957 | Tar:2    | Killed a juggernaut
 67958 | Tar:2    | Killed a juggernaut
 68015 | Tar:2    | Reached skill level 15 in Dodging
 68032 | Tar:2    | Noticed a juggernaut
 68057 | Tar:2    | Killed a juggernaut
 68130 | Tar:2    | Noticed a juggernaut
 68150 | Tar:2    | Killed a juggernaut
 68334 | Tar:7    | Entered Level 7 of Tartarus
 68686 | Tar:7    | Noticed Ereshkigal
 68710 | Tar:7    | Killed Ereshkigal
 68758 | Tar:7    | Identified the +5 long sword of Ancient Evil {vorpal,
                  | Int+2}
 68761 | Tar:7    | Identified the +2 leather armour of the Dwarven Hall {rPois
                  | rC+ Str+2}
 68764 | Tar:7    | Got a bone rune of Zot
 68769 | Tar:7    | Identified the +4 dagger of Melee {drain, Str+4}
 68866 | Tar:7    | Got the Collected Works on Icy Curses
 69015 | Tar:7    | Reached skill level 15 in Throwing
 69020 | Tar:7    | Identified the amulet of Puitihac {Reflect rCorr Int+4
                  | SH+5}
 69544 | Slime:1  | Entered Level 1 of the Pits of Slime
 69629 | Slime:3  | Gained mutation: You sometimes lose the ability to read
                  | scrolls when taking damage. [a shining eye]
 69715 | Slime:5  | Entered Level 5 of the Pits of Slime
 69762 | Slime:5  | Lost mutation: You have a somewhat thin skeletal structure.
                  | (Dex +2, Stealth+) [potion of mutation]
 69762 | Slime:5  | Lost mutation: You sometimes lose the ability to read
                  | scrolls when taking damage. [potion of mutation]
 69762 | Slime:5  | Gained mutation: You are frail. (-10% HP) [potion of
                  | mutation]
 69762 | Slime:5  | Lost mutation: You are frail. (-10% HP) [potion of
                  | mutation]
 69762 | Slime:5  | Gained mutation: You sometimes lose the ability to read
                  | scrolls when taking damage. [potion of mutation]
 69763 | Slime:5  | Lost mutation: You sometimes lose the ability to read
                  | scrolls when taking damage. [potion of mutation]
 69763 | Slime:5  | Lost mutation: You are partially covered in iridescent
                  | scales. (AC +2) [potion of mutation]
 69763 | Slime:5  | Gained mutation: You expend magic power (3 MP) to
                  | strengthen your wands. [potion of mutation]
 69763 | Slime:5  | Gained mutation: Your muscles are strong. (Str +2) [potion
                  | of mutation]
 69763 | Slime:5  | Gained mutation: You have sharp toenails. [potion of
                  | mutation]
 69764 | Slime:5  | Lost mutation: You have sharp toenails. [potion of
                  | mutation]
 69764 | Slime:5  | Lost mutation: Your muscles are strong. (Str +2) [potion of
                  | mutation]
 69764 | Slime:5  | Lost mutation: You expend magic power (3 MP) to strengthen
                  | your wands. [potion of mutation]
 69764 | Slime:5  | Gained mutation: Your muscles are strong. (Str +2) [potion
                  | of mutation]
 69764 | Slime:5  | Gained mutation: You have large cloven feet. [potion of
                  | mutation]
 69830 | Slime:5  | Noticed the Royal Jelly
 69846 | Slime:5  | Killed the Royal Jelly
 69963 | Slime:5  | Identified the +3 ring mail "Loceep" {*Slow rElec rF+}
 70004 | Slime:5  | Identified the +3 hand axe of Integrity {vorpal, rCorr
                  | Int-3 Dex+2}
 70006 | Slime:5  | Got a slimy rune of Zot
 70538 | Tomb:1   | Entered Level 1 of the Tomb of the Ancients
 70731 | Tomb:1   | Noticed a royal mummy
 70746 | Tomb:1   | Killed a royal mummy
 70833 | Tomb:2   | Noticed a royal mummy
 70833 | Tomb:2   | Noticed a royal mummy
 70833 | Tomb:2   | Noticed a royal mummy
 70845 | Tomb:2   | Killed a royal mummy
 70855 | Tomb:2   | Killed a royal mummy
 70864 | Tomb:2   | Killed a royal mummy
 70865 | Tomb:2   | Reached skill level 5 in Hexes
 70891 | Tomb:2   | Reached skill level 10 in Spellcasting
 70892 | Tomb:2   | Noticed a royal mummy
 70911 | Tomb:2   | Killed a royal mummy
 70981 | Tomb:2   | Noticed a royal mummy
 70992 | Tomb:2   | Killed a royal mummy
 71386 | Tomb:2   | Gained mutation: Your body sometimes deteriorates upon
                  | taking damage. [mutagenic glow]
 71418 | Tomb:2   | Gained mutation: You are occasionally teleported next to
                  | monsters. [mutagenic glow]
 71481 | Tomb:2   | Lost mutation: Your body sometimes deteriorates upon taking
                  | damage. [potion of mutation]
 71481 | Tomb:2   | Lost mutation: You have large cloven feet. [potion of
                  | mutation]
 71481 | Tomb:2   | Lost mutation: Your muscles are strong. (Str +2) [potion of
                  | mutation]
 71481 | Tomb:2   | Gained mutation: Your mind is acute. (Int +2) [potion of
                  | mutation]
 71481 | Tomb:2   | Gained mutation: You have sharp fingernails. [potion of
                  | mutation]
 71481 | Tomb:2   | Gained mutation: Your magical capacity is low. (-10% MP)
                  | [potion of mutation]
 71481 | Tomb:2   | Gained mutation: You are somewhat resistant to further
                  | mutation. [potion of mutation]
 71482 | Tomb:2   | Lost mutation: You are occasionally teleported next to
                  | monsters. [potion of mutation]
 71482 | Tomb:2   | Lost mutation: Your magical capacity is low. (-10% MP)
                  | [potion of mutation]
 71482 | Tomb:2   | Gained mutation: You have a pair of small antennae on your
                  | head. [potion of mutation]
 71648 | Tomb:3   | Entered Level 3 of the Tomb of the Ancients
 71656 | Tomb:3   | Found the +10 morningstar "Eos" {elec, Halo rElec}
 71669 | Tomb:3   | Identified the +1 plate armour "Nuujoaco" {rN+ Will- MP+9
                  | Int+4}
 71694 | Tomb:3   | Identified an amulet "Reammuet" {RegenMP rF+ Str+3 Dex+4}
 71748 | Tomb:3   | Noticed a royal mummy
 71753 | Tomb:3   | Noticed a royal mummy
 71763 | Tomb:3   | Killed a royal mummy
 71770 | Tomb:3   | Killed a royal mummy
 71891 | Tomb:3   | Noticed a royal mummy
 71898 | Tomb:3   | Noticed a royal mummy
 71907 | Tomb:3   | Killed a royal mummy
 71908 | Tomb:3   | Noticed a royal mummy
 71913 | Tomb:3   | Killed a royal mummy
 71913 | Tomb:3   | Noticed a royal mummy
 71927 | Tomb:3   | Killed a royal mummy
 72109 | Tomb:3   | Killed a royal mummy
 72125 | Tomb:3   | Got a golden rune of Zot
 72177 | Tomb:3   | Noticed a royal mummy
 72178 | Tomb:3   | Noticed a royal mummy
 72189 | Tomb:3   | Noticed a royal mummy
 72194 | Tomb:3   | Killed a royal mummy
 72197 | Tomb:3   | Killed a royal mummy
 72198 | Tomb:3   | Killed a royal mummy
 72862 | Zot:1    | Entered Level 1 of the Realm of Zot
 72966 | Zot:5    | Entered Level 5 of the Realm of Zot
 73064 | Zot:5    | Noticed a dread lich
 73083 | Zot:5    | Noticed a dread lich
 73087 | Zot:5    | Killed a dread lich
 73097 | Zot:5    | Killed a dread lich
 73100 | Zot:5    | Noticed an orb of fire
 73106 | Zot:5    | Noticed an orb of fire
 73121 | Zot:5    | Killed an orb of fire
 73188 | Zot:5    | Noticed an ancient lich
 73197 | Zot:5    | Killed an ancient lich
 73318 | Zot:5    | Noticed an orb of fire
 73318 | Zot:5    | Gained mutation: Your magical capacity is low. (-10% MP)
                  | [an orb of fire]
 73356 | Zot:5    | Killed an orb of fire
 73388 | Zot:5    | Noticed an orb of fire
 73400 | Zot:5    | Killed an orb of fire
 73402 | Zot:5    | Noticed an ancient lich
 73410 | Zot:5    | Killed an ancient lich
 73501 | Zot:5    | Got the Orb of Zot
 73606 | Zot:5    | Killed an orb of fire
 73830 | Depths:3 | Noticed Kipaihos the pandemonium lord
 73844 | Depths:3 | Killed Kipaihos the pandemonium lord
 73868 | Depths:1 | Noticed Fuuxuhon the pandemonium lord
 73876 | Depths:1 | Killed Fuuxuhon the pandemonium lord
 74026 | D:10     | Noticed Cujarch the pandemonium lord
 74255 | D:$      | Escaped with the Orb!

Illustrated notes

Levels and vault maps discovered:
D:1:      dpeg_arrival_boxes_within_box, layout_basic,
          shapermc_ecumenical_altar_mp_urbaneastern, due_unseen_surprise
D:2:      layout_loops_ring, uniq_natasha
D:3:      wad_pebble_path, layout_basic, nicolae_wu_jian_immortal_techniques,
          amethyst_killhole
D:4:      layout_cave_pods, minmay_temple_entry_sparse_star,
          hangedman_decor_clover_reticule, uniq_ijyb, uniq_pikel
D:5:      layout_cave_pods, gup_sewer_entry_bubbles
D:6:      layout_loops_ring, uniq_crazy_yiuf_cottage
D:7:      layout_loops_ring, nicolae_ossuary_entry_catacombs,
          minmay_ruined_shrine
D:8:      layout_basic, fedhas_altar_1, minmay_fire_ice_demons, uniq_amaemon
D:9:      layout_roguey, serial_bayou_crossing
D:10:     layout_irregular_city, gammafunk_temple_overflow_statue, uniq_maggie
D:11:     layout_basic, erik_lair_island, uniq_maurice
D:12:     layout_small_grid, orc_0_dummy, nicolae_trove_entry_path_of_doom,
          hangedman_corner_corridor, uniq_nergalle
D:13:     layout_stronghold, ebering_ghost_disaster_area, st_stairs_13
D:14:     layout_rooms, erik_vaults_2, minivault_11
D:15:     grunt_enter_depths_giant_problem, layout_loops_cross, serial_shops,
          nicolae_inconvenience_store, serial_park_paths
          [serial_park_minivault_5x5_8], pf_eden, uniq_kirke
Temple:   dpeg_five_rooms_temple
Lair:1:   layout_cave_pods, infiniplex_staircase_pool
Lair:2:   beast_lair_carwin_large_3, layout_chaotic_city,
          minmay_shoals_entry_beasts, evilmike_ambush
          [evilmike_ambush_outer_corners, evilmike_ambush_inner_wall_1],
          lemuel_fruit_tree
Lair:3:   regret_index_tunnel_blossom, layout_gridlike, lemuel_another_geyser
Lair:4:   layout_misc_corridors, minmay_snake_entry_guardpost_small,
          grunt_megastairs_2
Lair:5:   layout_misc_corridors, chequers_serial_rivers_micro_e, uniq_snorg
Lair:6:   minmay_lair_end_frog_pond, layout_small_grid,
          minmay_slime_entry_oklob_open, special_room
          [special_room_mythical_zoo]
Shoals:1: layout_shoals, serial_shops, shop, nicolae_shop_hallway_stairs,
          nicolae_shop_trees
Shoals:2: layout_shoals, lemuel_centaur_altar, uniq_polyphemus
Shoals:3: layout_shoals, st_cyclops, uniq_mara, uniq_donald, uniq_ilsuiw
Shoals:4: shoals_end_simple, layout_shoals, gammafunk_ghost_berserking_beasts
Snake:1:  layout_onion_interference
Snake:2:  layout_basic, serial_shops, nicolae_shop_advertising_works
          [nicolae_subvault_shop_adworks]
Snake:3:  layout_gridlike, grunt_megastairs_1
Snake:4:  minmay_snake_end_coiled, layout_misc_corridors, special_room,
          nicolae_snake_round_shape_thing, uniq_aizul
Slime:1:  layout_caves
Slime:2:  layout_caves, basic_altar
Slime:3:  layout_caves
Slime:4:  cheibrodos_slime_lost_civilization_2, layout_caves
Slime:5
Orc:1:    layout_caves
Orc:2:    st_orc_mages, layout_diamond_mine, gauntlet_entry_generic,
          gammafunk_ghost_necromancy, uniq_sonja
Elf:1:    layout_loops_corners, serial_shops, shop,
          hangedman_elven_crosses_minicolossus, nicolae_shop_unique_rings,
          minmay_crystal_room, solitary_fountain
Elf:2:    nicolae_elf_blades_crystal_corner, layout_geoelf_grid,
          grunt_ministairs_15, nicolae_elf_glass_and_crystal_pillar_2,
          minmay_elf_sorcery, uniq_roxanne, uniq_agnes
Elf:3:    minmay_elf_hall_statues, layout_geoelf_castle, serial_sigils,
          serial_sigils_hangedman_shear, serial_sigils_hangedman_scar,
          serial_sigils_hangedman_quiver, serial_sigils_hangedman_quiver,
          uniq_bai_suzhen, uniq_louise
Vaults:1: infiniplex_enter_wizlab_glasses, vaults_mumra_minichess, v_rooms_3,
          nicolae_vaults_border_crossing, vaults_room_boxed,
          ontoclasm_vaults_bender, v_rooms_5, dpeg_vaults_monster_box,
          v_alt_pattern_4, ontoclasm_vaults_shuriken, st_spiral_rooms,
          vaults_mumra_chevron, layout_vaults_omnibox
Vaults:2: v_alt_pattern_4, vaults_room_pool, blue_anna_dwarven_crypt, v_misc_11,
          hangedman_vaults_restitches, ontoclasm_vaults_chip,
          layout_vaults_omnigrid, serial_shops, shop, nicolae_square_shop, shop,
          shop
Vaults:3: v_misc_24, hangedman_vaults_pinch, v_misc_28,
          nicolae_vaults_network_quinsquares
          [nicolae_vaults_network_quincunx_subvault,
          nicolae_vaults_network_quincunx_subvault,
          nicolae_vaults_network_quincunx_subvault,
          nicolae_vaults_network_quincunx_subvault],
          kennysheep_vaults_gozag_temple, v_misc_27, grunt_vaults_funnel,
          grunt_vaults_twisty, nicolae_vaults_little_squares_5,
          ontoclasm_vaults_loading_screen, nicolae_vaults_shelves_hall,
          layout_vaults_ring
Vaults:4: nicolae_vaults_diagonal_hallway_6, v_misc_28, v_misc_19,
          grunt_vaults_hallway_short, vaults_room_hallway,
          nicolae_vaults_little_squares_4, nicolae_vaults_diagonal_hallway_7,
          v_misc_18, st_more_cells, nicolae_vaults_little_squares_2, v_misc_33,
          vaults_dpeg_hooks, vaults_dpeg_ring, layout_vaults_omnicross,
          serial_shops, shop, uniq_margery
Vaults:5
Crypt:1:  layout_chaotic_city, feat_on_display, uniq_sojobo
Crypt:2:  layout_misc_corridors, minmay_strange_pillars, lemuel_dead_fish_pool,
          uniq_xtahua
Crypt:3:  church_of_pain_bobbens, layout_chaotic_city, tomb_entry_shell_bobbens
Tomb:1
Tomb:2
Tomb:3
Depths:1: ragdoll_tomb_raider, layout_basic, enter_ziggurat_c, hell_entry,
          nicolae_figureground_sparkle, nicolae_shop_overcharged_wands,
          minmay_shoptagon
Depths:2: cheibrodos_spurs, layout_cave_pools, lemuel_tele_altar,
          grunt_pan_entry_zigzag, grunt_hell_entry_dis_old,
          minmay_staircase_bubble
Depths:3: minmay_the_grid_triangle_9x9_recursive_2_mashed
          [minmay_the_grid_triangle_9x9_prize_top_heavy,
          minmay_the_grid_triangle_9x9_negative_grid,
          minmay_the_grid_triangle_9x9_wacky_v,
          minmay_the_grid_triangle_9x9_tough_junction], layout_cave_shapes,
          abyss_entry, serial_shops, nicolae_diamond_shop, grunt_mini_vestibule
Depths:4: evilmike_zot_entry_hall, layout_small_grid,
          hangedman_tar_grid_catacomb, roderic_lattice_a
Hell
Dis:1:    layout_regular_city
Dis:2:    layout_regular_city, glass_columns_a
Dis:3:    layout_overlapping_boxes
Dis:4:    layout_gridville
Dis:5:    layout_regular_city, nicolae_dis_liches_on_tour
Dis:6:    layout_jigsaw
Dis:7:    dis_hangedman
Geh:1:    layout_gehenna_pools_basic
Geh:2:    layout_gehenna_pools_triple
Geh:3:    hangedman_generic_boss_arena
Geh:4:    layout_gehenna_lava_caves, lemuel_hellion_isle
Geh:5:    layout_gehenna_lava_caves
Geh:6:    layout_gehenna_pools_basic
Geh:7:    geh_grunt_pentagon
Coc:1:    layout_cocytus_delve, nicolae_hells_leichenhalle
Coc:2:    layout_cocytus_delve
Coc:3:    layout_ice_bergs
Coc:4:    layout_cocytus_water_paths
Coc:5:    layout_cocytus_delve
Coc:6:    layout_ice_bergs
Coc:7:    coc_hangedman
Tar:1:    layout_cathedral_of_symmetry
Tar:2:    nicolae_hells_titanomachy
Tar:3:    nicolae_tar_checkpoint_tarlie, layout_cathedral_of_symmetry,
          nicolae_tar_spectre_spectrum
Tar:4:    layout_grid_maze
Tar:5:    layout_cathedral_of_symmetry, grunt_tartarus_stairs_gauntlet_trap
Tar:6:    layout_grid_maze
Tar:7:    tar_minmay_river
Zot:1:    layout_basic
Zot:2:    layout_gridlike
Zot:3:    layout_misc_corridors
Zot:4:    kennysheep_blocky_room, layout_basic
Zot:5:    layout_basic

Skill      XL: |  1  2  3  4  5  6  7  8  9 10 11 12 13 14 15 16 17 18 19 20 21 22 23 24 25 26 27 |
---------------+----------------------------------------------------------------------------------+-----
Short Blades   | 2 3 4 5 6 8 9 10 | 10.0
Fighting       | 3 4 5 6 8 9 10 11 12 13 14 15 16 17 22 | 22.5
Shields        | 3 4 5 6 7 10 12 13 15 16 17 18 20 21 22 23 24 25 | 25.0
Armour         | 3 4 5 6 7 8 9 10 11 12 13 14 15 20 | 20.3
Stealth        | 1 3 5 6 7 8 10 11 12 13 15 17 19 21 24 27 | 27.0
Dodging        | 1 2 3 4 5 7 8 9 10 16 | 16.8
Throwing       | 1 2 3 4 5 6 7 8 9 16 | 16.0
Evocations     | 1 3 4 6 7 8 |  8.1
Invocations    | 1 3 6 7 9 11 23 | 23.9
Translocations | 1 2 3 9 |  9.3
Spellcasting   | 1 3 11 | 11.0
Conjurations   | 3 |  3.0
Hexes          | 5 |  5.0
Summonings     | 3 |  3.0

Action                   |  1- 3 |  4- 6 |  7- 9 | 10-12 | 13-15 | 16-18 | 19-21 | 22-24 | 25-27 || total
-------------------------+-------+-------+-------+-------+-------+-------+-------+-------+-------++-------
Melee: Rapier            |    48 |       |       |       |    23 |    80 |       |       |       ||   151
       Bite              |    18 |    39 |   105 |   311 |   768 |   786 |  1085 |  1314 |  3080 ||  7506
       Dagger            |    18 |    80 |   333 |   691 |  1120 |       |       |       |       ||  2242
       Short sword       |       |    77 |    14 |   122 |       |       |       |       |       ||   213
       Quick blade       |       |       |       |       |   540 |  1547 |  2033 |  1988 |  5034 || 11142
       Headbutt          |       |       |       |       |       |       |       |       |   284 ||   284
Throw: Stone             |       |    67 |    31 |    23 |       |       |       |       |       ||   121
       Boomerang         |       |       |    25 |     5 |     9 |    33 |    51 |     3 |   424 ||   550
       Dart              |       |       |       |    14 |    54 |       |    10 |       |    31 ||   109
       Javelin           |       |       |       |       |     3 |     8 |     7 |     8 |    49 ||    75
 Cast: Ensorcelled Hiber |       |       |     1 |       |       |       |       |       |       ||     1
       Apportation       |       |       |       |       |       |       |       |       |    62 ||    62
       Lesser Beckoning  |       |       |       |       |       |       |       |       |    10 ||    10
       Confusing Touch   |       |       |       |       |       |       |       |       |     1 ||     1
Invok: Heroism           |       |       |       |     2 |    16 |    10 |    11 |       |       ||    39
       Divine Shield     |       |       |       |       |       |       |       |     4 |       ||     4
       Brand Weapon With |       |       |       |       |       |       |       |     1 |       ||     1
       Line Pass         |       |       |       |       |       |       |       |     1 |    70 ||    71
       Grand Finale      |       |       |       |       |       |       |       |       |     9 ||     9
       Stomp             |       |       |       |       |       |       |       |       |     2 ||     2
Evoke: Wand              |       |       |       |    48 |    31 |    71 |     3 |    18 |    15 ||   186
       Condenser vane    |       |       |       |     1 |       |       |       |     2 |     4 ||     7
       Lightning rod     |       |       |       |       |       |     4 |       |       |     6 ||    10
  Use: Scroll            |       |     3 |     6 |    12 |    31 |     6 |    14 |     2 |    43 ||   117
       Potion            |       |       |     3 |     2 |     2 |     6 |       |       |    26 ||    39
 Stab: Sleeping          |       |       |     2 |     7 |       |     4 |     7 |    10 |    82 ||   112
       Distracted        |       |       |     1 |       |    15 |    38 |    51 |    40 |    68 ||   213
       Invisible         |       |       |       |     1 |       |       |       |       |    13 ||    14
       Petrifying        |       |       |       |       |     2 |       |       |       |       ||     2
       Petrified         |       |       |       |       |     1 |       |       |       |       ||     1
       Paralysed         |       |       |       |       |       |       |       |    27 |   419 ||   446
       Confused          |       |       |       |       |       |       |       |     1 |    86 ||    87
Armor: Scale mail        |    35 |    69 |    60 |       |       |       |       |       |       ||   164
       Leather armour    |       |       |    48 |    52 |       |       |       |       |       ||   100
       Ring mail         |       |       |       |   198 |   148 |       |       |       |       ||   346
       Chain mail        |       |       |       |       |   160 |   220 |    21 |       |       ||   401
       Plate armour      |       |       |       |       |       |       |   215 |   174 |   369 ||   758
       Storm dragon scal |       |       |       |       |       |       |       |       |    69 ||    69
Dodge: Dodged            |    25 |    69 |   160 |   429 |   648 |   492 |   477 |   305 |   694 ||  3299
Block: Buckler           |    12 |    35 |    68 |   316 |   169 |       |       |       |       ||   600
       Kite shield       |       |       |       |       |   957 |   587 |       |       |       ||  1544
       Reflection        |       |       |       |       |    24 |   121 |   117 |    54 |    96 ||   412
       Tower shield      |       |       |       |       |       |   465 |  1267 |  1305 |  3422 ||  6459
       Rpst.: Quick blade |       |       |       |       |       |       |       |    25 |    71 ||    96

Table legend: (Time is in decaauts)
 A = Elapsed time spent in this place.
 B = Non-inter-level travel time spent in this place.
 C = Inter-level travel time spent in this place.
 D = Time resting spent in this place.
 E = Time spent auto-exploring this place.
 F = Levels seen in this place.
 G = Mean time per level.
                   A        B        C        D        E       F      G
               +--------+--------+--------+--------+--------+-----+--------+
         Total |  67054 |  58321 |   8733 |   3014 |  22618 | 115 |  583.1 |
       Dungeon |  17039 |  13754 |   3285 |    291 |   9617 |  15 | 1135.9 |
        Temple |    435 |    232 |    203 |      0 |    207 |   1 |  435.0 |
          Lair |   6940 |   6234 |    706 |    440 |   3245 |   6 | 1156.7 |
        Shoals |   2913 |   2784 |    129 |    175 |     32 |   4 |  728.2 |
     Snake Pit |   3701 |   3454 |    247 |     44 |   1770 |   4 |  925.2 |
    Slime Pits |    477 |    407 |     70 |      0 |      0 |   5 |   95.4 |
  Orcish Mines |   1266 |    984 |    282 |      0 |     99 |   2 |  633.0 |
   Elven Halls |   3677 |   3063 |    614 |    126 |   1373 |   3 | 1225.7 |
        Vaults |   7354 |   5713 |   1641 |    154 |   2946 |   5 | 1470.8 |
         Crypt |   2793 |   2352 |    441 |      0 |   1110 |   3 |  931.0 |
          Tomb |   1726 |   1726 |      0 |    595 |     43 |   3 |  575.3 |
        Depths |   3877 |   2912 |    965 |     86 |    544 |   4 |  969.2 |
          Hell |    706 |    682 |     24 |    103 |      0 |   1 |  706.0 |
           Dis |   1390 |   1323 |     67 |    207 |      8 |   7 |  198.6 |
       Gehenna |    780 |    755 |     25 |     25 |      0 |   7 |  111.4 |
       Cocytus |   1309 |   1309 |      0 |    198 |      0 |   7 |  187.0 |
      Tartarus |   1179 |   1150 |     29 |    309 |     14 |   7 |  168.4 |
           Zot |    762 |    762 |      0 |     96 |      0 |   5 |  152.4 |
         Abyss |   4079 |   4079 |      0 |    146 |    722 |   9 |  453.2 |
   Pandemonium |   2740 |   2740 |      0 |     17 |    175 |  12 |  228.3 |
         Trove |     63 |     63 |      0 |      0 |      0 |   1 |   63.0 |
         Sewer |    454 |    454 |      0 |      0 |    249 |   1 |  454.0 |
       Ossuary |    418 |    418 |      0 |      0 |    290 |   1 |  418.0 |
        Wizlab |    394 |    394 |      0 |      0 |     45 |   1 |  394.0 |
      Gauntlet |    572 |    572 |      0 |      0 |    126 |   1 |  572.0 |
               +--------+--------+--------+--------+--------+-----+--------+

Top non-repeatable levels by time:
 Abyss:3: 1912 daAuts
Vaults:3: 1768 daAuts
Vaults:1: 1705 daAuts
  Lair:2: 1675 daAuts
     D:8: 1653 daAuts
Vaults:2: 1641 daAuts
   Elf:2: 1559 daAuts
     D:1: 1388 daAuts
   Elf:1: 1382 daAuts
    D:12: 1375 daAuts
  Lair:6: 1346 daAuts
    D:15: 1339 daAuts
Depths:2: 1336 daAuts
     D:4: 1271 daAuts
  Lair:3: 1254 daAuts
